 Dungeon Crawl Stone Soup version 0.16.1-18-g436b03c (webtiles) character file.

859654 drasked the Conqueror (level 27, -6/199 HPs)
             Began as a Gargoyle Berserker on May 1, 2015.
             Was the Champion of the Shining One.
             Killed by divine providence
             ... invoked by a daeva
              (13 damage)
             ... in Pandemonium on May 3, 2015.
             The game lasted 06:12:22 (92797 turns).

drasked the Conqueror (Gargoyle Berserker)         Turns: 92797, Time: 06:12:22

Health: -6/199     AC: 74    Str: 32    XL:     27
Magic:  0/51       EV: 19    Int: 16    God:    the Shining One [******]
Gold:   3042       SH:  0    Dex:  9    Spells: 2 memorised, 47 levels left

rFire  + + .     SeeInvis +     J - +9 executioner's axe (holy)
rCold  + + +     Clarity  +     Z - +9 armour of the Dragon King {rPois rF+ rC+ MR+}
rNeg   + + +     SustAb   .     (no shield)
rPois  ∞         Gourm    .     I - +2 helmet {SInv}
rElec  +         Spirit   +     D - +3 cloak of Flash {+Fly EV+4}
rCorr  .         Warding  .     b - +3 pair of gauntlets of War {Slay+5}
rMut   .         Stasis   .     C - +1 pair of boots of the Mind {Str+2} (curse)
MR     +++..                    P - amulet of Pherhaef {Spirit rF+ MP+9}
Stlth  ..........               Q - +5 ring of slaying
                                w - ring "Vamp" {rPois rC++ Int+4}

@: about to teleport, flying, very slightly contaminated, hasted, glowing, very
quick, extremely resistant to hostile enchantments, extremely unstealthy
A: able to fly continuously, big wings, clarity, negative energy resistance 1,
electricity resistance, unbreathing, petrification resistance, rot immunity, AC
+20
a: Stop Flying, Divine Shield, Cleansing Flame, Summon Divine Warrior, Renounce
Religion
}: 5/15 runes: decaying, serpentine, slimy, silver, abyssal


You were in Pandemonium.
You worshipped the Shining One.
The Shining One was exalted by your worship.
You were not hungry.

You visited 13 branches of the dungeon, and saw 66 of its levels.
You visited Pandemonium 1 time, and saw 9 of its levels.
You visited the Abyss 2 times.

You collected 10896 gold pieces.
You spent 7854 gold pieces at shops.

Inventory:

Hand weapons
 J - a +9 executioner's axe of holy wrath (weapon)
   (Trog gifted it to you on level 1 of the Abyss)
Armour
 b - the +3 pair of gauntlets of War (worn) {Slay+5}
   (You found it on level 1 of the Realm of Zot)

   It affects your accuracy and damage with ranged weapons and melee attacks
   (+5).
 h - the +2 buckler of Cocytus {rElec rCorr Dex+6, unknown}
   (You took it off a cherub in Pandemonium)

   It affects your dexterity (+6).
   It insulates you from electricity.
   It protects you from acid and corrosion.
 j - the cursed +0 cloak of the Many Blessings {rCorr Str+3}
   (You acquired it on level 5 of the Vaults)

   It affects your strength (+3).
   It protects you from acid and corrosion.
   It has a curse placed upon it.
 r - the +1 scale mail "Noamosu" {rElec rC+, unknown}
   (You took it off an angel in Pandemonium)

   It protects you from cold.
   It insulates you from electricity.
 C - the cursed +1 pair of boots of the Mind (worn) {Str+2}
   (You found it on level 13 of the Dungeon)

   It affects your strength (+2).
   It has a curse placed upon it.
 D - the +3 cloak of Flash (worn) {+Fly EV+4}
   (You bought it in a shop on level 2 of the Depths)

   It affects your evasion (+4).
   It lets you fly.
 I - a +2 helmet of see invisible (worn)
   (You bought it in a shop on level 2 of the Depths)
 Z - the +9 armour of the Dragon King (worn) {rPois rF+ rC+ MR+}
   (You found it on level 3 of the Elven Halls)

   It protects you from fire.
   It protects you from cold.
   It protects you from poison.
   It affects your resistance to hostile enchantments.
Jewellery
 k - the amulet of the Four Winds {Clar rN+ MR+++}
   (You found it on level 3 of the Elven Halls)

   [amulet of clarity]

   It provides mental clarity.
   It protects you from negative energy.
   It affects your resistance to hostile enchantments.
 o - a ring of the Octopus King {rN+ AC+1 EV+1 Str+1 Int+1 Dex+1}
   (You found it on level 6 of the Pits of Slime)

   [ring of positive energy]

   It affects your AC (+1).
   It affects your evasion (+1).
   It affects your strength (+1).
   It affects your intelligence (+1).
   It affects your dexterity (+1).
   It protects you from negative energy.
 w - the ring "Vamp" (left hand) {rPois rC++ Int+4}
   (You found it in Pandemonium)

   [ring of poison resistance]

   It affects your intelligence (+4).
   It greatly protects you from cold.
   It protects you from poison.
 F - the ring of Division {rF+ MP+9 Dex+2}
   (You found it on level 3 of the Swamp)

   [ring of magical power]

   It affects your dexterity (+2).
   It protects you from fire.
   It affects your magic capacity (+9).
 M - an uncursed amulet of resist mutation {rMut, !d}
   (You found it on level 3 of the Swamp)
 O - the ring "Luesurer" {rPois rN+ Str+2 Int+4 Dex+4}
   (You found it on level 3 of the Crypt)

   [ring of positive energy]

   It affects your strength (+2).
   It affects your intelligence (+4).
   It affects your dexterity (+4).
   It protects you from poison.
   It protects you from negative energy.
 P - the amulet of Pherhaef (around neck) {Spirit rF+ MP+9}
   (You took it off a tengu reaver on level 5 of the Vaults)

   [amulet of guardian spirit]

   It causes incoming damage to be split between your health and magic.
   It protects you from fire.
   It affects your magic capacity (+9).
 Q - a +5 ring of slaying (right hand)
   (You bought it in a shop on level 1 of the Elven Halls)
 R - the ring "Qiweahig" {rElec rN+ Str-5 Slay+2 SInv}
   (You took it off a skeletal warrior on level 3 of the Crypt)

   [ring of positive energy]

   It affects your strength (-5).
   It affects your accuracy and damage with ranged weapons and melee attacks
   (+2).
   It insulates you from electricity.
   It protects you from negative energy.
   It enhances your eyesight.
 S - the brooch of Shielding {Ward rN+ AC+4 EV+4}
   (You found it on level 5 of the Vaults)

   [amulet of warding]

   It may prevent the melee attacks of summoned creatures.
   It affects your AC (+4).
   It affects your evasion (+4).
   It protects you from negative energy.
Magical devices
 p - a wand of hasting (4)
   (You bought it in a shop on level 2 of the Orcish Mines)
 y - a wand of teleportation (5)
   (You found it on level 10 of the Dungeon)
 N - a wand of teleportation (7)
   (You found it on level 2 of the Swamp)
 Y - a wand of digging (9)
   (You found it on level 5 of the Vaults)
Scrolls
 a - 38 scrolls of remove curse
 d - 35 scrolls of identify
 e - 2 scrolls of amnesia
 f - 17 scrolls of teleportation
 l - a scroll of acquirement
 n - 10 scrolls of recharging
 t - 3 scrolls of enchant weapon
 z - 2 scrolls of enchant armour
 A - 8 scrolls of fear
 G - 4 scrolls of blinking {!r}
 H - 6 scrolls of fog
 K - 5 scrolls of magic mapping {!r}
Potions
 g - 25 potions of curing
 i - 5 potions of haste
 q - a potion of cure mutation {!q}
 x - 10 potions of might
 B - 5 potions of resistance
 L - 7 potions of cancellation
 T - 6 potions of restore abilities
 X - 9 potions of heal wounds
Comestibles
 c - a slice of pizza
 m - 4 fruits
 s - 26 bread rations {@e1}
 u - 27 meat rations {@e2}
 v - a royal jelly


   Skills:
 O Level 27 Fighting
 O Level 27 Axes
 O Level 27 Armour
 + Level 21.6 Dodging
 + Level 16.7 Spellcasting
 + Level 12.5 Charms


You had 47 spell levels left.
You knew the following spells:

 Your Spells              Type           Power        Failure   Level  Hunger
d - Deflect Missiles      Chrm/Air       ####......   100%        6    #####..
h - Haste                 Chrm           ######..     21%         6    #####..


Dungeon Overview and Level Annotations

Branches:
Dungeon (15/15)            Temple (1/1) D:4            Lair (8/8) D:9
  Swamp (5/5) Lair:5        Snake (5/5) Lair:4        Slime (6/6) Lair:8
    Orc (4/4) D:10            Elf (3/3) Orc:4        Vaults (5/5) D:13
  Crypt (3/3) Vaults:3       Tomb (1/3) Crypt:3      Depths (5/5) D:15
    Zot (5/5) Depths:5

Altars:
Ashenzari
Cheibriados
Dithmenos
Elyvilon
Fedhas
Gozag
Kikubaaqudgha
Makhleb
Nemelex Xobeh
Okawaru
Qazlal
Sif Muna
Trog
Vehumet
Xom
Yredelemnul
Zin
The Shining One
Beogh
Jiyva

Shops:
D:15 =   Orc:1 (   Orc:2 [*}!?   Orc:3 (   Orc:4 (}:%   Elf:1 =   Snake:2 *
Vaults:1 *   Depths:2 ?([*!

Portals:
Hell: Depths:1 Depths:2 Depths:3 Depths:4 Depths:5
Abyss: Depths:4
Pandemonium: Depths:3 Depths:4 Depths:5
Ziggurat: Depths:1


Innate Abilities, Weirdness & Mutations

You are resistant to torment.
You are immune to poison.
You can fly continuously.
Your stone body is very resilient (AC +20).
Your wings are large and strong.
You resist negative energy.
You are resistant to electric shocks.
You can survive without breathing.
You are immune to petrification.
You are immune to rotting.
You possess an exceptional clarity of mind.


Message History

The daeva calls down the wrath of Zin upon you.
Something smites you! The daeva completely misses you.
The daeva hits you but does no damage.
A daeva comes into view.
It is wielding a scimitar of holy wrath.
You take 7 damage, and have 145/199 hp.
You now have 37/51 mp.
The daeva blocks your attack.
The daeva shouts!
The daeva calls down the wrath of Zin upon you.
Something smites you! The daeva blocks your attack. x2
The daeva hits you but does no damage. x2
You take 12 damage, and have 133/199 hp.
You now have 34/51 mp.
The daeva blocks your attack. x2
The daeva barely misses you. The daeva closely misses you.
A cherub comes into view. It is wielding a long sword of flaming.
The daeva blocks your attack.
You slice the daeva!!
The daeva calls down the wrath of Zin upon you.
Something smites you!
The cherub sings a powerful hymn!
The daevas are roused to righteous anger!
The daeva calls down the wrath of Zin upon you.
Something smites you!
A daeva comes into view.
It is wielding a scimitar of holy wrath.
You are too injured to fight recklessly!
You take 16 damage, and have 117/199 hp.
You now have 30/51 mp.
You are too injured to fight recklessly!
You are too injured to fight recklessly!
You are too injured to fight recklessly!
You are too injured to fight recklessly!
You are too injured to fight recklessly!
You are too injured to fight recklessly!
You are too injured to fight recklessly!
The daeva hits you but does no damage. x2
The daeva calls down the wrath of Zin upon you.
Something smites you!
The daeva calls down the wrath of Zin upon you.
Something smites you!
You take 20 damage, and have 97/199 hp.
You now have 25/51 mp.
The daeva calls down the wrath of Zin upon you.
Something smites you!
The cherub sings a powerful hymn!
The daevas are roused to righteous anger!
You take 8 damage, and have 89/199 hp.
You now have 24/51 mp.
The daeva calls down the wrath of Zin upon you.
Something smites you!
The daeva calls down the wrath of Zin upon you.
Something smites you! The daeva hits you but does no damage.
The daeva hits you but does no damage. The daeva completely misses you.
The daeva hits you with an eudemon blade of holy wrath.
You take 16 damage, and have 73/199 hp.
You now have 20/51 mp.
The daeva blocks your attack.
You slash the daeva! The daeva blocks your attack. x2
The daeva misses you. The daeva closely misses you.
The daeva hits you with an eudemon blade of holy wrath!!
* * * LOW HITPOINT WARNING * * *
The daeva hits you with an eudemon blade of holy wrath.
* * * LOW HITPOINT WARNING * * *
You take 24 damage, and have 49/199 hp.
You now have 15/51 mp.
Drink which item? (? for menu, Esc to quit)
You feel yourself speed up.
The daeva calls down the wrath of Zin upon you.
Something smites you!
* * * LOW HITPOINT WARNING * * *
The daeva hits you with an eudemon blade of holy wrath.
* * * LOW HITPOINT WARNING * * *
The daeva hits you but does no damage.
The daeva calls down the wrath of Zin upon you.
Something smites you!
* * * LOW HITPOINT WARNING * * *
You are very lightly contaminated with residual magic.
You take 25 damage, and have 24/199 hp.
You now have 7/51 mp.
Drink which item? (? for menu, Esc to quit)
You feel much better.
The daeva hits you with a scimitar of holy wrath!
* * * LOW HITPOINT WARNING * * *
The daeva misses you.
You regained 13 hp, and now have 37/199 hp.
You now have 5/51 mp.
Read which item? (? for menu, Esc to quit)
As you read the scroll of teleportation, it crumbles to dust.
You feel strangely unstable.
The daeva hits you with an eudemon blade of holy wrath.
* * * LOW HITPOINT WARNING * * *
The daeva hits you but does no damage.
The daeva calls down the wrath of Zin upon you.
Something smites you!
* * * LOW HITPOINT WARNING * * *
You take 11 damage, and have 26/199 hp.
You now have 4/51 mp.
The daeva calls down the wrath of Zin upon you.
Something smites you!
* * * LOW HITPOINT WARNING * * *
You take 9 damage, and have 17/199 hp.
You now have 3/51 mp.
The daeva calls down the wrath of Zin upon you.
Something smites you!
* * * LOW HITPOINT WARNING * * *
The daeva calls down the wrath of Zin upon you.
Something smites you!
You die...

..############)(#....)†.........#
..############(.#................
..8..........####....############
...................#.
..8...............##.
............#..... ..
..8....##......####### #
......####...#.#.#.#.#.#.#...
.....####......'@..AAAA.A'.#
.....###.....#.#.#.#.#.#.#...
...............####### #
######......#........#
####........)##.# #####......#.#
#####.(}.############
####..........).. ###...........


You could see 4 daevas and a cherub.

Vanquished Creatures
  the royal jelly (Slime:6)
  3 orbs of fire (Zot:5)
  6 ancient liches
  A greater mummy (Tomb:1)
  2 shard shrikes (Zot:1)
  Margery (Vaults:4)
  Norris (Elf:3)
  Saint Roka (Depths:1)
  3 curse toes
  Mennas (Depths:4)
  6 Killer Klowns
  15 golden dragons
  Jory (Tomb:1)
  8 bone dragons
  A profane servitor (Abyss:1)
  Xtahua (Crypt:1)
  the Enchantress (Depths:1)
  A pearl dragon (Pan)
  4 Brimstone Fiends
  6 pandemonium lords (Pan)
  6 electric golems
  5 Ice Fiends (Pan)
  A spellforged servitor (Zot:5)
  16 tentacled monstrosities
  9 Hell Sentinels (Pan)
  24 Orb Guardians (Zot:5)
  3 liches
  Asterion (Swamp:1)
  3 titans (Vaults:5)
  A deep elf blademaster (Elf:2)
  The ghost of Crag7 the Severer, a mighty MiBe of Trog (Elf:3)
  17 acid blobs
  A deep elf master archer (Elf:3)
  4 quicksilver dragons
  3 Shadow Fiends (Pan)
  2 thorn hunters
  Rupert (Swamp:4)
  14 sphinxes
  An octopode crusher (Zot:2)
  18 tentacled starspawn
  11 Executioners
  7 ancient champions
  12 storm dragons
  Frances (Snake:2)
  5 draconian monks
  17 azure jellies
  7 tengu reavers
  7 shadow dragons
  Roxanne (Swamp:4)
  4 revenants
  3 daevas (Pan)
  Donald (Elf:2)
  15 vault wardens
  11 fire giants
  Maud (Elf:1)
  2 emperor scorpions
  16 frost giants
  7 greater nagas
  An iron dragon (Depths:4)
  5 warmongers (Pan)
  14 deep elf sorcerers
  6 balrugs
  An emperor scorpion (shapeshifter) (Vaults:5)
  10 cacodemons
  7 draconian knights
  A curse skull (Crypt:2)
  2 draconian scorchers (Zot:5)
  A ghost moth (Zot:4)
  A draconian zealot (Zot:3)
  3 spriggan defenders (Depths:1)
  13 ghouls
  38 stone giants
  7 draconian shifters
  5 reapers (Pan)
  16 angels
  2 draconian annihilators
  18 ironheart preservers
  10 very ugly things
  A salamander firebrand (Pan)
  3 war gargoyles
  10 grey draconians
  7 ophanim (Pan)
  4 draconian callers
  5 deep elf demonologists
  16 apis (Pan)
  8 black draconians
  A pale draconian (shapeshifter) (Zot:2)
  5 vampire knights
  5 white draconians
  10 deep elf annihilators
  9 green draconians
  A black draconian (shapeshifter) (Zot:2)
  A Killer Klown skeleton (Crypt:2)
  Azrael (D:15)
  8 corrupters (Pan)
  5 blood saints (Pan)
  A purple draconian (shapeshifter) (Zot:2)
  7 lorocyprocas
  7 purple draconians
  5 dire elephants
  5 red draconians
  7 pale draconians
  A spectral titan (Tomb:1)
  5 yellow draconians
  4 mottled draconians
  9 black suns (Pan)
  10 deep elf death magi
  16 blizzard demons
  9 ettins
  4 chaos champions (Pan)
  An unborn (Tomb:1)
  15 green deaths
  10 eidola
  A crystal guardian (Vaults:4)
  24 fire dragons
  3 minotaurs
  8 jiangshi
  3 mummy priests (Tomb:1)
  16 yaktaur captains
  39 vault guards
  A quicksilver dragon zombie (Abyss:1)
  13 deep elf high priests
  17 great orbs of eyes
  11 death oozes (Slime:6)
  11 rakshasas
  8 death cobs
  4 spriggan air magi
  18 naga warriors
  27 ice dragons
  13 hydras
  13 ogre magi
  12 alligators
  14 monstrous demonspawn (Pan)
  2 ghost crabs
  2 hell beasts
  A catoblepas (D:14)
  12 anacondas
  16 dancing weapons
  9 deep troll shamans
  7 centaur warriors
  16 death yaks
  7 deep troll earth magi
  3 death knights
  7 spriggan berserkers
  A hell hog (Abyss:1)
  13 thrashing horrors
  6 holy swine (Pan)
  2 spectral orcs (Orc:1)
  10 naga sharpshooters (Snake:5)
  2 tengu warriors (D:14)
  2 titan zombies
  9 vampire magi
  Urug (Orc:3)
  9 sun demons (Pan)
  8 hell knights
  A storm dragon zombie (Abyss:1)
  Nergalle (Orc:1)
  A fire crab (Vaults:1)
  13 soul eaters
  5 shock serpents
  14 wretched stars
  2 titan skeletons
  20 skeletal warriors
  6 spatial maelstroms
  22 deep elf knights
  4 golden dragon zombies
  18 gelid demonspawn (Pan)
  2 ice devils (Pan)
  12 cherubim (Pan)
  A death drake (Abyss:1)
  3 death scarabs (Tomb:1)
  15 iron trolls
  An unseen horror (shapeshifter) (Vaults:4)
  4 salamander mystics
  A spectral anaconda (Swamp:3)
  5 unseen horrors
  36 deep trolls
  10 shadow wraiths
  A spriggan druid (Swamp:4)
  4 sea snakes
  A giant orange brain (shapeshifter) (Vaults:1)
  13 infernal demonspawn (Pan)
  7 shadow demons
  3 deep elf summoners
  A shambling mangrove (Pan)
  A lindwurm (shapeshifter) (Vaults:1)
  15 necromancers
  26 hill giants
  13 swamp dragons
  13 putrid demonspawn (Pan)
  10 torturous demonspawn (Pan)
  A quicksilver dragon simulacrum (Crypt:2)
  A tengu zombie (Vaults:2)
  6 naga ritualists
  A wizard (D:15)
  An anubis guard (Tomb:1)
  10 phantasmal warriors
  A giant orange brain (Abyss:1)
  5 wolf spiders
  A harpy (shapeshifter) (Vaults:4)
  An anaconda skeleton (Crypt:1)
  A lindwurm (Lair:8)
  4 flayed ghosts
  2 deathcaps
  8 cyclopes
  19 ironbrand convokers
  37 ugly things
  2 orb spiders (Zot:2)
  A tengu skeleton (Vaults:5)
  5 orc sorcerers
  4 harpies (Vaults:3)
  3 manticores
  6 griffons
  A shadow dragon skeleton (Crypt:1)
  12 shining eyes
  3 mana vipers
  A spectral fire dragon (Tomb:1)
  A moth of wrath (shapeshifter) (Depths:2)
  13 deep elf conjurers
  A fire giant zombie (Tomb:1)
  The ghost of Scuka the Transmogrifier, an experienced MfTm of Makhleb (D:5)
  14 orc knights
  A water nymph (shapeshifter) (Depths:3)
  14 salamanders
  5 hornets
  2 stone giant zombies
  11 worldbinders
  An octopode (shapeshifter) (Depths:5)
  An iron dragon skeleton (Crypt:2)
  21 moths of wrath
  8 elephants
  4 rust devils
  A fire giant skeleton (Abyss:2)
  29 sixfirhies
  17 vault sentinels
  6 eyes of devastation
  A torpor snail (shapeshifter) (Vaults:5)
  5 torpor snails (Lair:8)
  3 apocalypse crabs
  2 stone giant skeletons
  18 naga magi
  27 guardian serpents
  3 frost giant skeletons
  38 black mambas
  5 centaur skeletons
  40 orange demons
  4 elf zombies
  A titan simulacrum (Depths:2)
  A shock serpent skeleton (Crypt:1)
  4 hellions
  A queen ant (shapeshifter) (Zot:2)
  63 smoke demons
  23 spiny frogs
  5 tormentors
  15 komodo dragons
  A purple draconian zombie (Abyss:1)
  3 fire drakes
  A redback zombie (Crypt:3)
  49 yaktaurs
  A grey draconian skeleton (Crypt:3)
  A komodo dragon (shapeshifter) (Vaults:1)
  A human skeleton (Vaults:1)
  A purple draconian skeleton (Crypt:3)
  An elf (shapeshifter) (Depths:2)
  A tengu conjurer (D:14)
  An efreet (Abyss:2)
  10 trolls
  32 hellwings
  9 demonic crawlers
  18 red devils
  9 giant leeches
  12 blue devils
  3 guardian mummies (Tomb:1)
  19 ancient zymes
  3 harpy zombies
  6 freezing wraiths
  2 silent spectres (Crypt:1)
  8 polar bears
  A wind drake (Zot:1)
  16 deep elf priests
  A harpy skeleton (D:15)
  An iron dragon simulacrum (Crypt:2)
  6 wandering mushrooms
  2 hydra skeletons
  A fire dragon zombie (Crypt:2)
  A two-headed ogre (shapeshifter) (Vaults:1)
  11 ravens
  62 raiju
  7 bog bodies
  A jumping spider (Depths:3)
  6 boulder beetles
  A minotaur skeleton (Crypt:1)
  14 baby alligators
  31 two-headed ogres
  A guardian serpent zombie (Crypt:3)
  An ushabti (Tomb:1)
  16 flying skulls
  3 ettin zombies
  A centaur simulacrum (D:15)
  181 slime creatures
  14 blink frogs
  A boulder beetle (shapeshifter) (Vaults:5)
  A frost giant simulacrum (Crypt:2)
  A fire giant simulacrum (Crypt:1)
  2 stone giant simulacra
  An ice dragon skeleton (Crypt:2)
  2 basilisks
  2 ettin skeletons
  4 wyverns
  A spectral giant leech (Swamp:3)
  25 ynoxinuls
  A yak (shapeshifter) (Depths:4)
  8 fire bats (Abyss:1)
  A satyr skeleton (Crypt:1)
  50 small abominations
  42 yaks
  74 large abominations
  5 redbacks
  12 spriggans
  A guardian serpent skeleton (Crypt:2)
  A yaktaur simulacrum (Vaults:3)
  A spriggan (shapeshifter) (Vaults:5)
  A tarantella (Elf:3)
  7 vampires
  2 air elementals (Depths:5)
  27 deep elf magi
  A water elemental (Depths:1)
  6 hungry ghosts
  A tarantella (shapeshifter) (Depths:1)
  3 shadows
  11 wraiths
  A hippogriff (shapeshifter) (Vaults:1)
  31 vampire mosquitoes
  A golden eye (shapeshifter) (D:15)
  4 fire elementals
  40 deep elf fighters
  A mottled dragon (D:13)
  4 wolves (Lair:3)
  8 spatial vortices
  A wind drake skeleton (Crypt:3)
  16 golden eyes
  20 neqoxecs
  12 hippogriffs
  14 chaos spawn
  52 water moccasins
  A harpy simulacrum (Crypt:1)
  A monstrous demonspawn zombie (Abyss:1)
  9 insubstantial wisps
  3 wargs
  Menkaure (D:6)
  A water nymph zombie (Crypt:3)
  2 ogre zombies (Vaults:1)
  9 porcupines
  36 swamp worms
  62 nagas
  2 water moccasins (shapeshifter)
  A merfolk skeleton (Crypt:1)
  A spectral snapping turtle (Swamp:5)
  A raven skeleton (Crypt:3)
  9 ice beasts
  45 orc warriors
  An alligator simulacrum (Abyss:2)
  11 hell hounds
  19 swamp drakes
  8 eyes of draining
  An elephant zombie (Crypt:1)
  2 phantoms
  A black bear (shapeshifter) (D:13)
  2 spiders
  23 boggarts
  15 black bears
  3 sky beasts
  10 wasps
  6 necrophages
  3 boggarts (shapeshifter) (Depths:2)
  An ettin simulacrum (Vaults:2)
  An ogre (shapeshifter) (D:13)
  64 ogres
  19 crocodiles
  2 boring beetles
  8 brain worms
  20 centaurs
  2 big kobolds
  2 human zombies (Vaults:2)
  15 giant frogs
  2 wyvern zombies
  A spiny frog simulacrum (Abyss:1)
  A troll zombie (Abyss:1)
  A water moccasin skeleton (Crypt:3)
  A human simulacrum (Vaults:5)
  4 scorpions
  2 raiju zombies (Abyss:1)
  17 killer bees
  A queen bee zombie (Crypt:1)
  7 electric eels
  3 centaur zombies
  2 raiju skeletons (Crypt:1)
  8 wights
  45 jellies
  A giant frog zombie (D:11)
  A wasp zombie (D:10)
  16 crimson imps
  69 starcursed masses
  16 iron imps
  35 orc wizards
  A basilisk zombie (Crypt:2)
  37 orc priests
  A giant frog skeleton (D:9)
  14 hounds
  9 iguanas
  6 quasits
  A two-headed ogre skeleton (Crypt:2)
  20 worker ants
  3 hell rats (Depths:3)
  A killer bee zombie (D:6)
  6 lightning spires (Abyss:3)
  27 sheep
  A demigod skeleton (Crypt:2)
  A mottled dragon skeleton (Crypt:3)
  3 hound skeletons
  A hound zombie (D:10)
  3 mummies (Tomb:1)
  29 adders
  4 gnolls
  72 river rats
  A steam dragon zombie (Crypt:1)
  15 white imps
  4 shadow imps
  5 giant mites
  22 worms
  38 ufetubi
  An adder zombie (D:6)
  A sheep zombie (Crypt:3)
  5 adder skeletons
  10 giant geckos
  4 oozes
  216 orcs
  3 bat zombies (D:7)
  20 goblins
  18 hobgoblins
  6 jackals
  7 quokkas
  A ball python (D:2)
  2 ball python zombies
  35 bats
  3 giant cockroaches
  A giant gecko zombie (D:3)
  3 giant newts
  A giant newt skeleton (Crypt:3)
  4 giant spores
  25 kobolds
  3 lurking horrors
  21 rats
  3 rat zombies (D:7)
  21 ballistomycetes
  A butterfly (Zot:2)
  5 crawling corpses (Elf:3)
  9 fungi
  2 grand avatars (Pan)
  26 plants
  18 starspawn tentacles
4480 creatures vanquished.

Vanquished Creatures (collateral kills)
  An ancient lich (Vaults:4)
  the Lernaean hydra (Swamp:5)
  A lich (Abyss:1)
  A titan (Vaults:4)
  2 azure jellies (Slime:6)
  A purple draconian (Zot:5)
  Snorg (Lair:4)
  A fire dragon (D:12)
  A death ooze (Slime:6)
  6 hydras
  A naga warrior (Snake:2)
  3 death yaks (Lair:6)
  2 deep trolls (Vaults:1)
  An unseen horror (Vaults:1)
  3 swamp dragons (Swamp:5)
  A black mamba (Lair:7)
  A torpor snail (Lair:6)
  A guardian serpent (Snake:2)
  Sonja (Swamp:1)
  A water elemental (D:12)
  A swamp worm (Lair:5)
  A water moccasin (Snake:2)
  A giant frog (Lair:6)
34 creatures vanquished.

Vanquished Creatures (others)
  An Orb Guardian (Zot:5)
  A sphinx (Tomb:1)
  An eldritch tentacle (Crypt:3)
  A tengu reaver (Vaults:5)
  A draconian zealot (Zot:1)
  2 draconian scorchers
  A blood saint (Pan)
  An ice dragon (Zot:1)
  2 deep troll earth magi
  2 ogre magi
  An iron troll (Slime:6)
  A deep elf knight (Elf:3)
  4 hell knights (Depths:4)
  An ironbrand convoker (Vaults:3)
  5 necromancers
  A tormentor (Abyss:1)
  A red devil (Pan)
  A harpy zombie (Abyss:1)
  A troll (Swamp:5)
  A water moccasin (Snake:5)
  2 swamp drakes
  4 ogres
  A boggart (Depths:3)
  An ice beast (Depths:4)
  9 lost souls
  A human skeleton (Vaults:4)
  3 small abominations (Abyss:1)
  A giant spore (D:6)
  A lurking horror (Abyss:1)
  103 eldritch tentacle segments (Crypt:3)
  12 fungi
  10 plants
  20 starspawn tentacles
  36 starspawn tentacle segments
234 creatures vanquished.

Grand Total: 4748 creatures vanquished

Notes
Turn   | Place    | Note
--------------------------------------------------------------
     0 | D:1      | drasked, the Gargoyle Berserker, began the quest for the Orb.
     0 | D:1      | Reached XP level 1. HP: 14/14 MP: 1/1
     0 | D:1      | 0 ||| counter = 25
   122 | D:1      | Reached skill level 3 in Axes
   193 | D:1      | Reached XP level 2. HP: 17/19 MP: 2/2
   651 | D:1      | 651 ||| UPGRADING to leather armour.
   661 | D:1      | 661 ||| DROPPING +0 animal skin.
   662 | D:1      | 662 ||| UPGRADING to scale mail.
   672 | D:1      | 672 ||| DROPPING +0 leather armour.
   673 | D:1      | 673 ||| READING scroll labeled SCHENW LALYA.
   676 | D:1      | 676 ||| READING scroll labeled PSEJINT THUO.
   677 | D:1      | 677 ||| READING scroll labeled LUOKHL STEQA.
   678 | D:1      | 678 ||| READING scroll labeled HIR PHOIPUGAER.
   778 | D:2      | Acquired Trog's second power
   778 | D:2      | Reached XP level 3. HP: 21/23 MP: 3/3
  1058 | D:2      | 1058 ||| INVOKING Berserk.
  1082 | D:2      | 1082 ||| EATING bread ration.
  1211 | D:2      | Reached skill level 4 in Axes
  1292 | D:2      | 1292 ||| INVOKING Berserk.
  1480 | D:2      | 1480 ||| INVOKING Berserk.
  1492 | D:2      | Reached XP level 4. HP: 28/28 MP: 4/4
  1496 | D:2      | Reached skill level 5 in Axes
  1571 | D:2      | Reached XP level 5. HP: 32/32 MP: 5/5
  1769 | D:2      | 1769 ||| UPGRADING to tiny ruby amulet.
  1770 | D:2      | 1770 ||| REMOVING amulet of stasis.
  1771 | D:2      | 1771 ||| DROPPING amulet of stasis.
  1772 | D:2      | 1772 ||| READING scroll labeled FROSIFR NEGATZ.
  2626 | D:3      | 2626 ||| INVOKING Berserk.
  2666 | D:3      | 2666 ||| EATING 3 fruits.
  2770 | D:3      | 2770 ||| READING 2 scrolls labeled MAMIEWKUYRY.
  2771 | D:3      | 2771 ||| READING scroll labeled CAH QUXTEUSSA.
  2817 | D:3      | Reached XP level 6. HP: 33/37 MP: 6/6
  2928 | D:4      | Found an iron altar of Okawaru.
  2935 | D:4      | 2935 ||| UPGRADING to runed hand axe.
  2936 | D:4      | 2936 ||| DROPPING +0 hand axe.
  2962 | D:4      | Reached skill level 6 in Axes
  2983 | D:4      | Found a staircase to the Ecumenical Temple.
  2989 | D:4      | 2989 ||| INVOKING Berserk.
  3074 | D:4      | 3074 ||| UPGRADING to war axe.
  3075 | D:4      | 3075 ||| DROPPING +1 hand axe of venom.
  3422 | D:4      | 3422 ||| INVOKING Berserk.
  3719 | D:4      | Reached XP level 7. HP: 36/41 MP: 7/7
  3850 | D:4      | Acquired Trog's third power
  3878 | D:4      | Reached skill level 7 in Axes
  3988 | D:4      | Found a burning altar of Makhleb.
  4055 | D:4      | 4055 ||| READING 2 scrolls labeled KURABE DAUZXAU.
  4056 | D:4      | 4056 ||| READING 2 scrolls of identify.
  4056 | D:4      | 4056 ||| IDENTIFYING murky red potion
  4092 | D:5      | Entered Level 5 of the Dungeon
  4092 | D:5      | Noticed Scuka's ghost (experienced MfTm)
  4093 | D:5      | 4093 ||| INVOKING Berserk.
  4098 | D:5      | Killed Scuka's ghost
  4098 | D:5      | Reached skill level 8 in Axes
  4098 | D:5      | Reached XP level 8. HP: 48/48 MP: 8/8
  4118 | D:5      | 4118 ||| EATING 2 fruits.
  4157 | D:5      | 4157 ||| INVOKING Berserk.
  4165 | D:5      | 4165 ||| EATING fruit.
  4199 | D:5      | 4199 ||| EATING 2 bread rations.
  4417 | D:5      | 4417 ||| INVOKING Berserk.
  4677 | D:5      | 4677 ||| UPGRADING to pair of gloves.
  4682 | D:5      | 4682 ||| READING scroll of enchant armour.
  4682 | D:5      | 4682 ||| ENCHANTING +0 pair of gloves.
  4683 | D:5      | 4683 ||| READING scroll labeled IKLAVO MNIAZOA.
  4684 | D:5      | 4684 ||| DRINKING 2 amethyst potions.
  4704 | D:6      | 4704 ||| STAIRDANCE
  4710 | D:6      | 4710 ||| STAIRDANCE
  4946 | D:6      | Reached skill level 9 in Axes
  5162 | D:6      | 5162 ||| EATING beef jerky.
  5171 | D:6      | Noticed Menkaure
  5175 | D:6      | 5175 ||| INVOKING Berserk.
  5178 | D:6      | HP: 14/72 [Menkaure/nerve-wracking pain (8)]
  5179 | D:6      | Killed Menkaure
  5383 | D:6      | 5383 ||| EATING 2 meat rations.
  5386 | D:6      | 5386 ||| READING 7 scrolls of remove curse.
  6007 | D:6      | 6007 ||| UPGRADING to embroidered cloak.
  6012 | D:6      | 6012 ||| READING 6 scrolls of remove curse.
  6013 | D:6      | 6013 ||| UPGRADING to lumpy soapstone amulet.
  6014 | D:6      | 6014 ||| REMOVING amulet of rage.
  6015 | D:6      | 6015 ||| DROPPING amulet of rage.
  6016 | D:6      | 6016 ||| DRINKING 2 smoky amethyst potions.
  6053 | D:6      | 6053 ||| READING 3 scrolls of identify.
  6053 | D:6      | 6053 ||| IDENTIFYING glowing yellow potion
  6054 | D:6      | 6054 ||| READING 2 scrolls of identify.
  6054 | D:6      | 6054 ||| IDENTIFYING bubbling amethyst potion
  6224 | D:7      | 6224 ||| INVOKING Berserk.
  6248 | D:7      | 6248 ||| READING 2 scrolls of teleportation.
  6250 | D:7      | 6250 ||| READING scroll of teleportation.
  6430 | D:7      | Reached skill level 10 in Axes
  6430 | D:7      | Reached XP level 9. HP: 40/54 MP: 9/9
  6538 | D:7      | 6538 ||| EATING 3 meat rations.
  6825 | D:7      | 6825 ||| INVOKING Berserk.
  6953 | D:7      | 6953 ||| UPGRADING to battleaxe.
  6954 | D:7      | 6954 ||| DROPPING +0 war axe.
  7001 | D:7      | 7001 ||| INVOKING Berserk.
  7089 | D:7      | Found an ancient bone altar of Kikubaaqudgha.
  7158 | D:7      | 7158 ||| UPGRADING to chain mail.
  7168 | D:7      | 7168 ||| DROPPING +0 scale mail.
  7169 | D:7      | 7169 ||| UPGRADING to plate armour.
  7179 | D:7      | 7179 ||| DROPPING +0 chain mail.
  7180 | D:7      | 7180 ||| READING scroll labeled RUTSYAHYDO.
  7181 | D:7      | 7181 ||| READING scroll labeled MAUKKO DYAVO.
  7182 | D:7      | 7182 ||| READING 3 scrolls of identify.
  7182 | D:7      | 7182 ||| IDENTIFYING dark potion
  7183 | D:7      | 7183 ||| READING 2 scrolls of identify.
  7183 | D:7      | 7183 ||| IDENTIFYING metallic yellow potion
  7277 | D:8      | 7277 ||| INVOKING Berserk.
  7316 | D:8      | 7316 ||| EATING 3 meat rations.
  7441 | D:8      | Reached skill level 3 in Armour
  7481 | D:8      | Received a gift from Trog
  7483 | D:8      | 7483 ||| UPGRADING to glowing battleaxe {god gift}.
  7484 | D:8      | 7484 ||| DROPPING +1 battleaxe.
  7587 | D:8      | 7587 ||| INVOKING Berserk.
  7593 | D:8      | Reached skill level 11 in Axes
  7659 | D:8      | 7659 ||| INVOKING Berserk.
  7758 | D:8      | 7758 ||| INVOKING Berserk.
  7834 | D:8      | 7834 ||| INVOKING Berserk.
  7959 | D:8      | 7959 ||| INVOKING Berserk.
  8014 | D:8      | 8014 ||| EATING 2 meat rations.
  8280 | D:8      | Found a deep blue altar of Sif Muna.
  8291 | D:8      | Found an opulent altar of Gozag.
  8294 | D:8      | Found a blossoming altar of Fedhas.
  8399 | D:8      | 8399 ||| UPGRADING to silver ring.
  8400 | D:8      | 8400 ||| READING 5 scrolls of remove curse.
  8401 | D:8      | 8401 ||| REMOVING -3 ring of evasion.
  8402 | D:8      | 8402 ||| DROPPING -3 ring of evasion.
  8403 | D:8      | 8403 ||| READING scroll labeled IGADGH OCUWK.
  8415 | D:8      | 8415 ||| INVOKING Berserk.
  8488 | D:9      | Reached XP level 10. HP: 54/60 MP: 10/10
  8561 | D:9      | Reached skill level 6 in Fighting
  8635 | D:9      | Reached skill level 12 in Axes
  8669 | D:9      | 8669 ||| READING scroll of enchant armour.
  8669 | D:9      | 8669 ||| ENCHANTING +1 pair of gloves.
  8776 | D:9      | 8776 ||| INVOKING Berserk.
  8869 | D:9      | Found a flagged portal.
  8884 | D:9      | 8884 ||| Stepping ~*~*~tactically~*~*~ (water).
  8917 | D:9      | Found a bloodstained altar of Trog.
  8918 | D:9      | Found a radiant altar of Vehumet.
  8928 | D:9      | 8928 ||| INVOKING Berserk.
  8969 | D:9      | 8969 ||| EATING 2 meat rations.
  9007 | D:9      | Received a gift from Trog
  9011 | D:9      | Got a twisted battleaxe {god gift}
  9012 | D:9      | 9012 ||| UPGRADING to twisted battleaxe {god gift}.
  9012 | D:9      | 9012 ||| Eating in order to wield vampiric weapon.
  9012 | D:9      | 9012 ||| EATING meat ration.
  9015 | D:9      | 9015 ||| UPGRADING to twisted battleaxe {god gift, vamp}.
  9015 | D:9      | Identified the +7 battleaxe of Capital Punishment {vamp, rElec rF++ rC+ MR+} (Trog gifted it to you on level 9 of the Dungeon)
  9016 | D:9      | 9016 ||| DROPPING +4 battleaxe of chopping.
  9290 | D:9      | Found a staircase to the Lair.
  9297 | D:9      | 9297 ||| UPGRADING to opal ring.
  9298 | D:9      | 9298 ||| READING 4 scrolls of remove curse.
  9299 | D:9      | 9299 ||| REMOVING ring of loudness.
  9300 | D:9      | 9300 ||| DROPPING ring of loudness.
  9301 | D:9      | 9301 ||| READING scroll labeled OKUREEGGOPN.
  9301 | D:9      | Identified a scroll of acquirement
  9303 | D:9      | 9303 ||| UPGRADING to runed helmet.
  9311 | Lair:1   | Entered Level 1 of the Lair of Beasts
  9312 | Lair:1   | 9312 ||| Entered L.
  9368 | Lair:1   | 9368 ||| INVOKING Berserk.
  9582 | Lair:1   | Reached skill level 13 in Axes
  9701 | Lair:1   | 9701 ||| INVOKING Berserk.
  9788 | Lair:1   | 9788 ||| INVOKING Berserk.
  9826 | Lair:1   | 9826 ||| EATING 11 fruits.
  9932 | Lair:1   | 9932 ||| EATING 10 fruits.
 10089 | Lair:1   | Found a shadowy altar of Dithmenos.
 10123 | Lair:1   | 10123 ||| INVOKING Berserk.
 10124 | Lair:1   | Reached XP level 11. HP: 67/67 MP: 11/11
 10320 | Lair:1   | Received a gift from Trog
 10648 | Lair:1   | 10648 ||| UPGRADING to shiny diamond ring.
 10649 | Lair:1   | 10649 ||| REMOVING ring of wizardry.
 10650 | Lair:1   | 10650 ||| DROPPING ring of wizardry.
 10651 | Lair:1   | 10651 ||| UPGRADING to notched agate ring.
 10652 | Lair:1   | 10652 ||| READING scroll labeled PIDGHE KHYOVUS.
 10653 | Lair:1   | 10653 ||| DRINKING 2 blue potions.
 10654 | Lair:1   | 10654 ||| DRINKING 2 emerald potions.
 10838 | Lair:2   | 10838 ||| READING scroll of enchant armour.
 10838 | Lair:2   | 10838 ||| ENCHANTING +1 helmet of intelligence.
 10849 | Lair:2   | Noticed a five-headed hydra
 10850 | Lair:2   | 10850 ||| INVOKING Brothers in Arms.
 10852 | Lair:2   | 10852 ||| INVOKING Berserk.
 10859 | Lair:2   | Killed a ten-headed hydra
 10859 | Lair:2   | Reached skill level 14 in Axes
 11035 | Lair:2   | 11035 ||| INVOKING Berserk.
 11098 | Lair:2   | 11098 ||| EATING 9 fruits.
 11281 | Lair:2   | 11281 ||| INVOKING Berserk.
 11600 | Lair:2   | 11600 ||| UPGRADING to tubular garnet ring.
 11601 | Lair:2   | 11601 ||| READING 5 scrolls of remove curse.
 11602 | Lair:2   | 11602 ||| REMOVING ring of teleportation.
 11603 | Lair:2   | 11603 ||| DROPPING ring of teleportation.
 11618 | Lair:3   | 11618 ||| STAIRDANCE
 11631 | Lair:3   | 11631 ||| STAIRDANCE
 11644 | Lair:3   | 11644 ||| STAIRDANCE
 11653 | Lair:3   | Found a labyrinth entrance.
 11658 | Lair:3   | 11658 ||| INVOKING Berserk.
 11704 | Lair:3   | Received a gift from Trog
 11740 | Lair:3   | 11740 ||| INVOKING Berserk.
 11821 | Lair:3   | 11821 ||| INVOKING Berserk.
 11893 | Lair:3   | Noticed a five-headed hydra
 11894 | Lair:3   | 11894 ||| INVOKING Brothers in Arms.
 11896 | Lair:3   | 11896 ||| INVOKING Berserk.
 11900 | Lair:3   | Killed a nine-headed hydra
 11900 | Lair:3   | Reached skill level 15 in Axes
 11963 | Lair:3   | 11963 ||| INVOKING Berserk.
 12006 | Lair:3   | 12006 ||| EATING 9 fruits.
 12042 | Lair:3   | 12042 ||| INVOKING Berserk.
 12050 | Lair:3   | 12050 ||| EATING 8 fruits.
 12108 | Lair:3   | Reached XP level 12. HP: 73/73 MP: 12/12
 12556 | Lair:3   | 12556 ||| READING scroll labeled HOR OKLUNALE.
 12572 | Lair:4   | 12572 ||| STAIRDANCE
 12640 | Lair:4   | Found a staircase to the Snake Pit.
 12975 | Lair:4   | Noticed a six-headed hydra
 12976 | Lair:4   | 12976 ||| INVOKING Brothers in Arms.
 12977 | Lair:4   | Noticed Snorg
 12978 | Lair:4   | 12978 ||| INVOKING Berserk.
 12978 | Lair:4   | Killed a six-headed hydra
 12982 | Lair:4   | Killed Snorg
 12982 | Lair:4   | Reached skill level 16 in Axes
 13031 | Lair:4   | 13031 ||| EATING 7 fruits.
 13247 | Lair:4   | 13247 ||| EATING 6 fruits.
 13458 | Lair:4   | 13458 ||| READING 2 scrolls of identify.
 13458 | Lair:4   | 13458 ||| IDENTIFYING green potion
 13478 | Lair:5   | 13478 ||| STAIRDANCE
 13490 | Lair:5   | 13490 ||| STAIRDANCE
 13739 | Lair:5   | Received a gift from Trog
 13967 | Lair:5   | 13967 ||| Stepping randomly (disturbance).
 13968 | Lair:5   | 13968 ||| Stepping randomly (disturbance).
 14005 | Lair:5   | 14005 ||| Stepping randomly (disturbance).
 14007 | Lair:5   | 14007 ||| Stepping randomly (disturbance).
 14009 | Lair:5   | 14009 ||| Stepping randomly (disturbance).
 14011 | Lair:5   | 14011 ||| Stepping randomly (disturbance).
 14013 | Lair:5   | 14013 ||| Stepping randomly (disturbance).
 14014 | Lair:5   | 14014 ||| INVOKING Berserk.
 14029 | Lair:5   | 14029 ||| EATING 5 fruits.
 14065 | Lair:5   | 14065 ||| Stepping randomly (disturbance).
 14065 | Lair:5   | Found a staircase to the Swamp.
 14067 | Lair:5   | 14067 ||| INVOKING Berserk.
 14079 | Lair:5   | 14079 ||| EATING 4 fruits.
 14120 | Lair:5   | 14120 ||| READING 2 scrolls of teleportation.
 14191 | Lair:5   | 14191 ||| INVOKING Berserk.
 14198 | Lair:5   | 14198 ||| READING scroll of teleportation.
 14202 | Lair:5   | 14202 ||| EATING 3 fruits.
 14214 | Lair:5   | Noticed a five-headed hydra
 14214 | Lair:5   | 14214 ||| INVOKING Brothers in Arms.
 14218 | Lair:5   | Killed a five-headed hydra
 14296 | Lair:5   | 14296 ||| Stepping ~*~*~tactically~*~*~ (water).
 14867 | Lair:5   | 14867 ||| EATING 2 fruits.
 14896 | Lair:5   | 14896 ||| INVOKING Berserk.
 14897 | Lair:5   | Reached XP level 13. HP: 79/79 MP: 13/13
 14904 | Lair:5   | 14904 ||| INVOKING Brothers in Arms.
 14907 | Lair:5   | Reached skill level 17 in Axes
 14911 | Lair:5   | 14911 ||| EATING fruit.
 14954 | Lair:5   | 14954 ||| READING 4 scrolls of identify.
 14954 | Lair:5   | 14954 ||| IDENTIFYING coppery potion
 14955 | Lair:5   | 14955 ||| READING 3 scrolls of identify.
 14955 | Lair:5   | 14955 ||| IDENTIFYING bubbling sapphire potion
 14989 | Lair:6   | 14989 ||| STAIRDANCE
 15308 | Lair:6   | 15308 ||| INVOKING Brothers in Arms.
 15311 | Lair:6   | 15311 ||| INVOKING Berserk.
 15858 | Lair:6   | 15858 ||| READING 3 scrolls of identify.
 15858 | Lair:6   | 15858 ||| IDENTIFYING glowing blue potion
 15866 | Lair:6   | 15866 ||| EATING 4 fruits.
 15900 | Lair:7   | Reached skill level 6 in Armour
 15964 | Lair:7   | 15964 ||| INVOKING Brothers in Arms.
 15967 | Lair:7   | 15967 ||| INVOKING Berserk.
 15968 | Lair:7   | Reached skill level 9 in Fighting
 15973 | Lair:7   | 15973 ||| EATING 3 fruits.
 16165 | Lair:7   | 16165 ||| INVOKING Brothers in Arms.
 16166 | Lair:7   | 16166 ||| INVOKING Berserk.
 16245 | Lair:7   | Reached skill level 18 in Axes
 16294 | Lair:7   | Received a gift from Trog
 17061 | Lair:7   | 17061 ||| Stepping ~*~*~tactically~*~*~ (water).
 17081 | Lair:7   | 17081 ||| Stepping ~*~*~tactically~*~*~ (water).
 17106 | Lair:7   | 17106 ||| INVOKING Brothers in Arms.
 17122 | Lair:7   | 17122 ||| Stepping ~*~*~tactically~*~*~ (water).
 17123 | Lair:7   | 17123 ||| INVOKING Berserk.
 17188 | Lair:7   | 17188 ||| UPGRADING to ring of evasion.
 17189 | Lair:7   | 17189 ||| READING 5 scrolls of remove curse.
 17190 | Lair:7   | 17190 ||| REMOVING -3 ring of evasion.
 17191 | Lair:7   | 17191 ||| DROPPING -3 ring of evasion.
 17206 | Lair:8   | Entered Level 8 of the Lair of Beasts
 17208 | Lair:8   | 17208 ||| STAIRDANCE
 17437 | Lair:8   | Gained mutation: Your wings are large and strong. [gargoyle growth]
 17437 | Lair:8   | Reached XP level 14. HP: 86/86 MP: 14/14
 17441 | Lair:8   | Received a gift from Trog
 17455 | Lair:8   | 17455 ||| INVOKING Fly.
 17455 | Lair:8   | 17455 ||| FLYING.
 17632 | Lair:8   | Found a runed door.
 17632 | Lair:8   | Found a viscous altar of Jiyva.
 17632 | Lair:8   | Found a staircase to the Slime Pits.
 17633 | Lair:8   | 17633 ||| INVOKING Berserk.
 17901 | Lair:8   | Reached skill level 19 in Axes
 18155 | Lair:8   | Found a runed door.
 18394 | Lair:8   | 18394 ||| INVOKING Berserk.
 18409 | Lair:8   | 18409 ||| INVOKING Brothers in Arms.
 18578 | Lair:8   | Received a gift from Trog
 18655 | Lair:8   | 18655 ||| DRINKING potion of restore abilities.
 18987 | Lair:8   | 18987 ||| READING scroll labeled STEYKKI DUZXA.
 19120 | Lair:6   | 19120 ||| EATING 2 fruits.
 19336 | D:10     | Entered Level 10 of the Dungeon
 19343 | D:10     | 19343 ||| STAIRDANCE
 19378 | D:10     | Found a staircase to the Lair.
 19482 | D:10     | Found a staircase to the Orcish Mines.
 19487 | D:10     | Found a roughly hewn altar of Beogh.
 20103 | D:10     | 20103 ||| READING 6 scrolls of identify.
 20103 | D:10     | 20103 ||| IDENTIFYING wand of teleportation
 20135 | Orc:1    | Entered Level 1 of the Orcish Mines
 20136 | Orc:1    | 20136 ||| Entered O.
 20136 | Orc:1    | 20136 ||| STAIRDANCE
 20138 | D:10     | Received a gift from Trog
 20143 | Orc:1    | 20143 ||| STAIRDANCE
 20148 | Orc:1    | 20148 ||| STAIRDANCE
 20153 | Orc:1    | 20153 ||| STAIRDANCE
 20237 | Orc:1    | Found Ziafell's Antique Weapon Boutique.
 20258 | Orc:1    | 20258 ||| INVOKING Trog's Hand.
 20261 | Orc:1    | 20261 ||| INVOKING Berserk.
 20353 | Orc:1    | Received a gift from Trog
 20950 | Orc:2    | Found Zytipn's Magic Scroll Boutique.
 20950 | Orc:2    | Noticed Nergalle
 20951 | Orc:2    | 20951 ||| STAIRDANCE
 20964 | Orc:1    | Killed Nergalle
 20970 | Orc:2    | 20970 ||| STAIRDANCE
 20998 | Orc:2    | 20998 ||| STAIRDANCE
 21024 | Orc:2    | 21024 ||| STAIRDANCE
 21040 | Orc:2    | 21040 ||| STAIRDANCE
 21054 | Orc:2    | 21054 ||| STAIRDANCE
 21066 | Orc:2    | 21066 ||| STAIRDANCE
 21076 | Orc:2    | Found Titwif's Distillery.
 21288 | Orc:2    | Found Ciduh's Gadget Boutique.
 21301 | Orc:2    | Found Psaihaes' Antique Armour Shoppe.
 21301 | Orc:2    | Found Brioshuacs' Assorted Antiques.
 21490 | Orc:3    | 21490 ||| INVOKING Trog's Hand.
 21491 | Orc:3    | 21491 ||| STAIRDANCE
 21498 | Orc:3    | 21498 ||| STAIRDANCE
 21510 | Orc:3    | 21510 ||| STAIRDANCE
 21517 | Orc:3    | 21517 ||| INVOKING Berserk.
 21584 | Orc:3    | Found Wusmu's Antique Weapon Boutique.
 21607 | Orc:3    | Noticed Urug
 21642 | Orc:3    | Killed Urug
 21812 | Orc:3    | Received a gift from Trog
 22038 | Orc:3    | Found a radiant altar of Vehumet.
 22093 | Orc:3    | 22093 ||| STAIRDANCE
 22374 | D:11     | 22374 ||| EATING fruit.
 23137 | D:12     | 23137 ||| INVOKING Brothers in Arms.
 23139 | D:12     | 23139 ||| INVOKING Berserk.
 23147 | D:12     | 23147 ||| EATING 6 beef jerkies.
 23376 | D:12     | 23376 ||| INVOKING Brothers in Arms.
 23381 | D:12     | 23381 ||| INVOKING Berserk.
 23823 | D:13     | 23823 ||| STAIRDANCE
 23835 | D:13     | 23835 ||| STAIRDANCE
 23841 | D:12     | Reached skill level 20 in Axes
 23845 | D:13     | 23845 ||| STAIRDANCE
 23852 | D:13     | 23852 ||| STAIRDANCE
 23891 | D:13     | 23891 ||| READING scroll of enchant armour.
 23891 | D:13     | 23891 ||| ENCHANTING +0 cloak.
 23915 | D:13     | 23915 ||| EATING 6 beef jerkies.
 23951 | D:13     | Received a gift from Trog
 24001 | D:13     | 24001 ||| READING scroll of enchant armour.
 24001 | D:13     | 24001 ||| ENCHANTING +1 cloak.
 24239 | D:13     | 24239 ||| INVOKING Berserk.
 24247 | D:13     | Reached XP level 15. HP: 92/92 MP: 15/15
 24272 | D:13     | 24272 ||| EATING 5 beef jerkies.
 24314 | D:13     | Got a pair of bloodstained boots
 24324 | D:13     | Found a gate to the Vaults.
 24451 | D:13     | 24451 ||| UPGRADING to pair of bloodstained boots.
 24456 | D:13     | Identified the +1 pair of boots of the Mind {Str+2} (You found it on level 13 of the Dungeon)
 24456 | D:13     | 24456 ||| UPGRADING to tourmaline ring.
 24457 | D:13     | 24457 ||| UPGRADING to scratched silver ring.
 24459 | D:13     | 24459 ||| REMOVING +3 ring of intelligence.
 24460 | D:13     | 24460 ||| DROPPING +3 ring of intelligence.
 24461 | D:13     | 24461 ||| UPGRADING to +2 ring of strength.
 24462 | D:13     | 24462 ||| DROPPING 2 tomahawks.
 24491 | D:14     | 24491 ||| STAIRDANCE
 24560 | D:14     | Reached skill level 9 in Armour
 25128 | D:14     | 25128 ||| EATING 4 beef jerkies.
 25137 | D:14     | Found an opulent altar of Gozag.
 25600 | D:14     | 25600 ||| EATING 3 beef jerkies.
 25603 | D:14     | 25603 ||| READING 9 scrolls of identify.
 25603 | D:14     | 25603 ||| IDENTIFYING red potion
 25620 | D:15     | Entered Level 15 of the Dungeon
 25687 | D:15     | Found Qalaah's Jewellery Boutique.
 25705 | D:15     | Found a blossoming altar of Fedhas.
 25706 | D:15     | 25706 ||| INVOKING Trog's Hand.
 25707 | D:15     | 25707 ||| INVOKING Brothers in Arms.
 25708 | D:15     | 25708 ||| INVOKING Berserk.
 25756 | D:15     | 25756 ||| EATING 2 beef jerkies.
 25799 | D:15     | 25799 ||| STAIRDANCE
 25917 | D:15     | Found a staircase to the Depths.
 25918 | D:15     | Noticed a fire giant
 25921 | D:15     | 25921 ||| INVOKING Berserk.
 25923 | D:15     | Noticed Azrael
 25929 | D:15     | Killed a fire giant
 25937 | D:15     | Killed Azrael
 26793 | Swamp:1  | Entered Level 1 of the Swamp
 26794 | Swamp:1  | 26794 ||| Entered S.
 26830 | Swamp:1  | 26830 ||| Stepping randomly (disturbance).
 26832 | Swamp:1  | 26832 ||| Stepping randomly (disturbance).
 26836 | Swamp:1  | Received a gift from Trog
 27421 | Orc:2    | Found Zytipn's Magic Scroll Boutique.
 27430 | Orc:2    | Found Ciduh's Gadget Boutique.
 27431 | Orc:2    | Found Brioshuacs' Assorted Antiques.
 27432 | Orc:2    | Found Psaihaes' Antique Armour Shoppe.
 27470 | Orc:2    | Found Titwif's Distillery.
 27535 | Orc:2    | Bought a runed plate armour for 782 gold pieces
 27709 | Lair:3   | Got a smoking scale mail
 27710 | Lair:3   | Identified the +4 scale mail "Fyleqad" {+Inv rPois rN+ Str+4 Int-5} (You found it on level 3 of the Lair of Beasts)
 27942 | D:15     | Reached skill level 12 in Armour
 27948 | D:15     | Bought the amulet of Cekugob {Ward -Tele rElec rPois rN++ AC+1 EV+1} for 522 gold pieces
 27978 | D:15     | Reached skill level 12 in Fighting
 28616 | Orc:1    | Received a gift from Trog
 28673 | Orc:4    | Entered Level 4 of the Orcish Mines
 28736 | Orc:4    | Found a staircase to the Elven Halls.
 28914 | Orc:4    | Reached XP level 16. HP: 101/101 MP: 16/16
 29001 | Orc:4    | Received a gift from Trog
 29149 | Orc:4    | Found Shell's Book Boutique.
 29153 | Orc:4    | Found Osim's Gadget Shoppe.
 29153 | Orc:4    | Found Vept's Antique Weapon Emporium.
 29175 | Orc:4    | Found Ahitaid's Food Shop.
 29744 | Orc:4    | HP: 11/103 [deep elf annihilator/iron shot (57)]
 30181 | Orc:4    | Bought a manual of Fighting for 1545 gold pieces
 30181 | Orc:4    | 30181 ||| DROPPING +0 plate armour.
 30182 | Orc:4    | 30182 ||| DROPPING +4 scale mail "Fyleqad" {+Inv rPois rN+ Str+4 Int-5}.
 30183 | Orc:4    | 30183 ||| DROPPING amulet of Cekugob {Ward -Tele rElec rPois rN++ AC+1 EV+1}.
 30631 | Lair:8   | 30631 ||| EATING beef jerky.
 30703 | Snake:1  | Entered Level 1 of the Snake Pit
 30704 | Snake:1  | 30704 ||| Entered P.
 30778 | Snake:1  | Received a gift from Trog
 30992 | Snake:1  | 30992 ||| READING scroll of enchant armour.
 30992 | Snake:1  | 30992 ||| ENCHANTING +0 plate armour of magic resistance.
 31089 | Snake:1  | 31089 ||| EATING 3 slices of pizza.
 31563 | Snake:2  | Noticed Frances
 31563 | Snake:2  | 31563 ||| INVOKING Brothers in Arms.
 31567 | Snake:2  | 31567 ||| INVOKING Berserk.
 31574 | Snake:2  | Killed Frances
 31574 | Snake:2  | Received a gift from Trog
 31637 | Snake:2  | Found Smemam's General Store.
 31748 | Snake:2  | 31748 ||| UPGRADING to glass ring.
 31750 | Snake:2  | 31750 ||| REMOVING ring of invisibility.
 31751 | Snake:2  | 31751 ||| DROPPING ring of invisibility.
 31752 | Snake:2  | 31752 ||| UPGRADING to +2 ring of strength.
 31753 | Snake:2  | 31753 ||| READING 11 scrolls of identify.
 31753 | Snake:2  | 31753 ||| IDENTIFYING viscous golden potion
 31776 | Snake:3  | 31776 ||| INVOKING Berserk.
 32631 | Snake:3  | 32631 ||| READING scroll labeled SEGIEWA FAEDAE.
 32659 | Snake:4  | 32659 ||| STAIRDANCE
 32669 | Snake:4  | 32669 ||| STAIRDANCE
 32724 | Snake:4  | Reached skill level 15 in Armour
 32773 | Snake:4  | Received a gift from Trog
 32773 | Snake:4  | Reached skill level 15 in Fighting
 32796 | Snake:4  | Reached XP level 17. HP: 113/113 MP: 17/17
 32926 | Snake:4  | Received a gift from Trog
 33211 | Snake:5  | Entered Level 5 of the Snake Pit
 33404 | Snake:5  | 33404 ||| INVOKING Berserk.
 33421 | Snake:5  | 33421 ||| EATING 5 slices of pizza.
 33425 | Snake:5  | 33425 ||| ZAPPING wand of teleportation (4).
 33442 | Snake:5  | 33442 ||| ZAPPING wand of teleportation (3).
 33511 | Snake:5  | 33511 ||| INVOKING Berserk.
 33564 | Snake:5  | 33564 ||| INVOKING Berserk.
 33617 | Snake:5  | 33617 ||| READING 5 scrolls of recharging.
 33617 | Snake:5  | 33617 ||| RECHARGING wand of teleportation (2).
 33724 | Snake:5  | 33724 ||| INVOKING Berserk.
 33743 | Snake:5  | Received a gift from Trog
 33872 | Snake:5  | 33872 ||| INVOKING Berserk.
 33874 | Snake:5  | Received a gift from Trog
 34138 | Snake:5  | 34138 ||| INVOKING Berserk.
 34235 | Snake:5  | 34235 ||| EATING 4 slices of pizza.
 34258 | Snake:5  | Received a gift from Trog
 34289 | Snake:5  | Reached XP level 18. HP: 124/124 MP: 18/18
 34291 | Snake:5  | 34291 ||| INVOKING Berserk.
 34397 | Snake:5  | Got a serpentine rune of Zot
 34891 | Vaults:1 | Entered Level 1 of the Vaults
 34892 | Vaults:1 | 34892 ||| Entered V.
 34895 | Vaults:1 | 34895 ||| INVOKING Brothers in Arms.
 34896 | Vaults:1 | 34896 ||| INVOKING Berserk.
 34909 | Vaults:1 | 34909 ||| EATING 3 slices of pizza.
 34968 | Vaults:1 | Found Chycs' Assorted Antiques.
 35008 | Vaults:1 | 35008 ||| INVOKING Trog's Hand.
 35026 | Vaults:1 | Reached skill level 18 in Armour
 35074 | Vaults:1 | Reached skill level 18 in Fighting
 35149 | Vaults:1 | Found a glowing silver altar of Zin.
 35366 | Vaults:1 | 35366 ||| INVOKING Trog's Hand.
 35373 | Vaults:1 | 35373 ||| INVOKING Brothers in Arms.
 35384 | Vaults:1 | 35384 ||| INVOKING Berserk.
 35447 | Vaults:1 | 35447 ||| INVOKING Brothers in Arms.
 35450 | Vaults:1 | 35450 ||| INVOKING Berserk.
 35462 | Vaults:1 | Received a gift from Trog
 35544 | Vaults:1 | 35544 ||| INVOKING Berserk.
 36180 | Swamp:1  | 36180 ||| INVOKING Berserk.
 36186 | Swamp:1  | Noticed Asterion
 36308 | Swamp:1  | Killed Asterion
 36405 | Swamp:1  | Noticed Sonja
 36426 | Swamp:1  | Cast into the Abyss (Sonja)
 36579 | Abyss:1  | Noticed a bone dragon
 36601 | Abyss:1  | Killed a bone dragon
 36651 | Abyss:1  | Noticed a bone dragon
 36668 | Abyss:1  | Killed a bone dragon
 36791 | Abyss:1  | Reached skill level 19 in Fighting
 36906 | Abyss:1  | Noticed a lich
 36909 | Abyss:1  | Noticed an Ice Fiend
 36914 | Abyss:1  | Killed a lich
 37450 | Abyss:1  | Noticed a profane servitor
 37490 | Abyss:1  | Killed a profane servitor
 37490 | Abyss:1  | Reached XP level 19. HP: 77/134 MP: 18/18
 37690 | Abyss:1  | Reached skill level 20 in Fighting
 37930 | Abyss:1  | Noticed a bone dragon
 37932 | Abyss:1  | Noticed a bone dragon
 37944 | Abyss:1  | Killed a bone dragon
 38082 | Abyss:1  | Noticed a bone dragon
 38105 | Abyss:1  | Killed a bone dragon
 38210 | Abyss:1  | Reached skill level 19 in Armour
 38422 | Abyss:1  | Received a gift from Trog
 39235 | Abyss:1  | Reached skill level 21 in Fighting
 39258 | Abyss:1  | Gained mutation: Your spells are a little easier to cast, but a little less powerful. [a neqoxec]
 39329 | Abyss:1  | Received a gift from Trog
 39366 | Abyss:1  | HP: 34/137 [monstrous demonspawn zombie[a necromancer] (1)]
 39376 | Abyss:1  | HP: 32/137 [starcursed mass/accursed screaming (8)]
 39457 | Abyss:1  | Reached skill level 20 in Armour
 39466 | Abyss:1  | Reached XP level 20. HP: 137/144 MP: 19/19
 39487 | Abyss:1  | Noticed a bone dragon
 39507 | Abyss:1  | Killed a bone dragon
 39888 | Abyss:1  | Received a gift from Trog
 40020 | Swamp:1  | Escaped the Abyss
 40114 | Swamp:1  | Killed Sonja
 41353 | Swamp:3  | Got a scintillating lead ring
 41944 | Swamp:4  | Noticed Rupert
 41960 | Swamp:4  | Killed Rupert
 42068 | Swamp:4  | Noticed Roxanne
 42282 | Swamp:4  | Received a gift from Trog
 42287 | Swamp:4  | Identified the ring of Division {rF+ MP+9 Dex+2} (You found it on level 3 of the Swamp)
 42553 | Swamp:4  | Killed Roxanne
 42802 | Swamp:5  | Entered Level 5 of the Swamp
 42893 | Swamp:5  | Reached skill level 22 in Fighting
 42982 | Swamp:5  | Noticed the 27-headed Lernaean hydra
 42993 | Swamp:5  | Killed the 27-headed Lernaean hydra
 42996 | Swamp:5  | Reached skill level 21 in Armour
 43001 | Swamp:5  | Received a gift from Trog
 43828 | Swamp:5  | Got a decaying rune of Zot
 43916 | Swamp:4  | Received a gift from Trog
 44546 | Vaults:1 | Reached XP level 21. HP: 152/152 MP: 20/20
 44895 | Vaults:1 | Got an ancient chain mail
 44922 | Vaults:1 | Identified the +5 chain mail "Mnoxot" {MR+ Str+2 Dex+3} (You found it on level 1 of the Vaults)
 45047 | Vaults:1 | Reached skill level 23 in Fighting
 45285 | Vaults:2 | Received a gift from Trog
 45601 | Vaults:2 | Reached skill level 22 in Armour
 46372 | Vaults:3 | Reached skill level 24 in Fighting
 46593 | Vaults:3 | Received a gift from Trog
 46617 | Vaults:3 | Got a transparent battleaxe {god gift}
 46622 | Vaults:3 | Identified the +5 battleaxe "Panox" {freeze, rC- MR+ Int+4 Dex+5} (Trog gifted it to you on level 3 of the Vaults)
 46672 | Vaults:3 | Found a staircase to the Crypt.
 46672 | Vaults:3 | Found a basalt altar of Yredelemnul.
 46673 | Vaults:3 | Found an ancient bone altar of Kikubaaqudgha.
 47576 | Vaults:4 | Reached XP level 22. HP: 163/163 MP: 20/20
 47676 | Vaults:4 | Received a gift from Trog
 47834 | Vaults:4 | Reached skill level 25 in Fighting
 47988 | Vaults:4 | Reached skill level 23 in Armour
 48032 | Vaults:4 | Noticed Margery
 48055 | Vaults:4 | Killed Margery
 48673 | Vaults:5 | Entered Level 5 of the Vaults
 48676 | Vaults:5 | Noticed an ancient lich
 48699 | Vaults:4 | Received a gift from Trog
 48736 | Vaults:4 | Received a gift from Trog
 48811 | Vaults:4 | Killed an ancient lich
 48811 | Vaults:4 | Reached skill level 26 in Fighting
 49060 | Vaults:5 | Reached XP level 23. HP: 162/172 MP: 21/21
 49064 | Vaults:5 | Received a gift from Trog
 49163 | Vaults:5 | Reached skill level 24 in Armour
 49168 | Vaults:5 | Got a warped ring mail
 49209 | Vaults:5 | Identified the cursed -2 ring mail of Untold Secrets {rC++ Str+5 Int-3 Slay-4} (You found it on level 5 of the Vaults)
 49595 | Vaults:5 | Received a gift from Trog
 49630 | Vaults:5 | Got an ancient ivory amulet
 50053 | Vaults:5 | Reached skill level 27 in Fighting
 50391 | Vaults:5 | Identified the amulet of Pherhaef {Spirit rF+ MP+9} (You took it off a tengu reaver on level 5 of the Vaults)
 50413 | Vaults:5 | Got a crude cloak
 50429 | Vaults:5 | Identified the +0 cloak of the Many Blessings {rCorr Str+3} (You acquired it on level 5 of the Vaults)
 50580 | Vaults:5 | Got a silver rune of Zot
 50979 | Depths:1 | Entered Level 1 of the Depths
 51090 | Depths:1 | Received a gift from Trog
 51153 | Depths:1 | Noticed the Enchantress
 51170 | Depths:1 | Reached XP level 24. HP: 172/181 MP: 21/21
 51170 | Depths:1 | Reached skill level 25 in Armour
 51173 | Depths:1 | Killed the Enchantress
 51214 | Depths:1 | Got a faerie dragon armour
 51333 | Depths:1 | Found a gateway to Hell.
 51336 | Depths:1 | Noticed Saint Roka
 51367 | Depths:1 | Killed Saint Roka
 51502 | Depths:1 | Found a gateway to a ziggurat.
 51847 | Depths:1 | Identified the -1 faerie dragon armour {rN+} (You took it off the Enchantress on level 1 of the Depths)
 52130 | Depths:2 | Received a gift from Trog
 52412 | Depths:2 | Found Psaen's Distillery.
 52422 | Depths:2 | Got a black opal-studded ring mail
 52446 | Depths:2 | Reached skill level 21 in Axes
 52627 | Depths:2 | Found Buqemom's Pet Rocks.
 52658 | Depths:2 | Identified the +4 ring mail of Shril {+Inv rN++ MR-} (You took it off an elf on level 2 of the Depths)
 52747 | Depths:2 | Found Chuikoti's Armour Shoppe.
 52752 | Depths:2 | Bought the +3 cloak of Flash {+Fly EV+4} for 998 gold pieces
 52752 | Depths:2 | Bought a +2 helmet of see invisible for 473 gold pieces
 52851 | Depths:2 | Received a gift from Trog
 53088 | Depths:2 | Found Scha Thoecum's Antique Weapon Emporium.
 53152 | Depths:2 | Found Thresaiwno's Magic Scroll Shoppe.
 53391 | Depths:3 | Found a one-way gate leading to the halls of Pandemonium.
 54309 | Depths:3 | Received a gift from Trog
 54472 | Depths:4 | Found a one-way gate to the infinite horrors of the Abyss.
 54593 | Depths:4 | Gained mutation: You have difficulty communicating with the divine. [a cacodemon]
 54846 | Depths:4 | Noticed Mennas
 54865 | Depths:4 | Killed Mennas
 55234 | Depths:4 | Reached XP level 25. HP: 171/187 MP: 22/22
 55581 | Depths:4 | Reached skill level 22 in Axes
 55584 | Depths:5 | Entered Level 5 of the Depths
 55736 | Depths:5 | Received a gift from Trog
 56153 | Depths:5 | Reached skill level 26 in Armour
 56169 | Depths:5 | Found a gate to the Realm of Zot.
 56206 | Depths:5 | Lost mutation: Your spells are a little easier to cast, but a little less powerful. [potion of cure mutation]
 56206 | Depths:5 | Lost mutation: You have difficulty communicating with the divine. [potion of cure mutation]
 56286 | Depths:5 | Received a gift from Trog
 56364 | Depths:5 | Got an ancient battleaxe {god gift}
 56365 | Depths:5 | Identified the +3 battleaxe of Smur {chop, Contam rElec rPois} (Trog gifted it to you on level 5 of the Depths)
 56879 | Zot:1    | Entered Level 1 of the Realm of Zot
 57548 | Zot:1    | Reached skill level 23 in Axes
 57724 | Zot:1    | Received a gift from Trog
 57919 | Zot:1    | Reached XP level 26. HP: 193/193 MP: 22/22
 59017 | Zot:2    | Received a gift from Trog
 59067 | Zot:2    | Reached skill level 24 in Axes
 59285 | Zot:2    | Reached skill level 27 in Armour
 60497 | Zot:3    | Reached skill level 25 in Axes
 60526 | Zot:3    | Reached XP level 27. HP: 199/199 MP: 23/23
 60661 | Zot:3    | Received a gift from Trog
 61594 | Zot:5    | Entered Level 5 of the Realm of Zot
 62000 | Zot:5    | Reached skill level 26 in Axes
 62044 | Zot:5    | Noticed an ancient lich
 62070 | Zot:5    | Killed an ancient lich
 62106 | Zot:5    | Noticed an orb of fire
 62107 | Zot:5    | Noticed an orb of fire
 62110 | Zot:5    | Gained mutation: You expend magic power (3 MP) to slightly strengthen your wands. [an orb of fire]
 62122 | Zot:5    | Killed an orb of fire
 62127 | Zot:5    | Received a gift from Trog
 62138 | Zot:5    | Killed an orb of fire
 62300 | Zot:5    | Got a translucent battleaxe {god gift}
 62301 | Zot:5    | Identified the +3 battleaxe "Tadu" {venom, rC++ Dex-4} (Trog gifted it to you on level 5 of the Realm of Zot)
 62410 | Zot:5    | Reached skill level 27 in Axes
 62410 | Zot:5    | Reached skill level 2 in Dodging
 62417 | Zot:5    | Reached skill level 3 in Dodging
 62438 | Zot:5    | Reached skill level 4 in Dodging
 62482 | Zot:5    | Reached skill level 5 in Dodging
 62498 | Zot:5    | Noticed an ancient lich
 62502 | Zot:5    | Noticed an ancient lich
 62504 | Zot:5    | Noticed an orb of fire
 62505 | Zot:5    | Gained mutation: You are dopey. (Int -2) [an orb of fire]
 62513 | Zot:5    | Killed an orb of fire
 62513 | Zot:5    | Reached skill level 6 in Dodging
 62514 | Zot:5    | Killed an ancient lich
 62514 | Zot:5    | Reached skill level 7 in Dodging
 62520 | Zot:5    | Killed an ancient lich
 62521 | Zot:5    | Reached skill level 8 in Dodging
 62605 | Zot:5    | Reached skill level 9 in Dodging
 62618 | Zot:5    | Noticed an ancient lich
 62627 | Zot:5    | Killed an ancient lich
 62845 | Zot:4    | Reached skill level 10 in Dodging
 63503 | Lair:8   | Received a gift from Trog
 63689 | Slime:1  | Entered Level 1 of the Pits of Slime
 63704 | Slime:1  | Gained mutation: Your spells are a little harder to cast, but a little more powerful. [a shining eye]
 63930 | Slime:1  | Reached skill level 11 in Dodging
 64440 | Slime:2  | Received a gift from Trog
 65304 | Slime:3  | Reached skill level 12 in Dodging
 67050 | Slime:5  | Received a gift from Trog
 67688 | Slime:6  | Entered Level 6 of the Pits of Slime
 67696 | Slime:6  | Reached skill level 13 in Dodging
 68132 | Slime:6  | Noticed the royal jelly
 68150 | Slime:6  | Killed the royal jelly
 68150 | Slime:6  | Reached skill level 14 in Dodging
 68268 | Slime:6  | Got a ring of the Octopus King
 68272 | Slime:6  | Got a warped chain mail
 68303 | Slime:6  | Identified the cursed -3 chain mail of Yphah {rElec} (You found it on level 6 of the Pits of Slime)
 68304 | Slime:6  | Identified a ring of the Octopus King {rN+ AC+1 EV+1 Str+1 Int+1 Dex+1} (You found it on level 6 of the Pits of Slime)
 68324 | Slime:6  | Got a slimy rune of Zot
 68326 | Slime:6  | Got a glittering brass amulet
 68343 | Slime:6  | Identified Wescheagh's Grimoire of Cold and Boosts (You found it on level 6 of the Pits of Slime)
 68353 | Slime:6  | Identified the amulet of Friassaci {Ward rN+ Stlth+} (You found it on level 6 of the Pits of Slime)
 68385 | Slime:6  | Got a brightly glowing helmet
 68425 | Slime:6  | Identified the +2 helmet of Smam {Int+4} (You found it on level 6 of the Pits of Slime)
 68533 | Slime:6  | Got a pitted broad axe
 68534 | Slime:6  | Identified the cursed -2 broad axe of the Crypt {vamp, -Cast MP+9 Int+4} (You found it on level 6 of the Pits of Slime)
 69781 | Vaults:1 | Bought a scroll of enchant armour for 322 gold pieces
 69986 | Orc:2    | Bought a scroll of enchant armour for 120 gold pieces
 70204 | Orc:2    | Bought a wand of hasting (2) for 468 gold pieces
 70234 | Orc:2    | Bought a potion of cure mutation for 420 gold pieces
 71152 | Depths:4 | Voluntarily entered the Abyss.
 71169 | Abyss:1  | Found a radiant altar of Vehumet.
 71513 | Abyss:1  | Reached skill level 15 in Dodging
 71570 | Abyss:1  | Gained mutation: Armour fits poorly on your strangely shaped body. [a neqoxec]
 71643 | Abyss:1  | Received a gift from Trog
 71876 | Abyss:1  | Paralysed by accursed screaming for 1 turns
 72504 | Abyss:1  | Reached skill level 16 in Dodging
 72682 | Abyss:2  | Found a corrupted altar of Lugonu.
 73496 | Abyss:2  | Received a gift from Trog
 73549 | Abyss:2  | Reached skill level 17 in Dodging
 73628 | Abyss:2  | Paralysed by accursed screaming for 1 turns
 73784 | Abyss:3  | Got an abyssal rune of Zot
 73798 | Depths:4 | Escaped the Abyss
 73872 | Depths:2 | Bought a potion of cure mutation for 840 gold pieces
 73872 | Depths:2 | Lost mutation: You are dopey. (Int -2) [potion of cure mutation]
 74765 | Elf:1    | Entered Level 1 of the Elven Halls
 74984 | Elf:1    | Got a brightly glowing leather armour
 75076 | Elf:1    | Found Tadul's Jewellery Shop.
 75084 | Elf:1    | Bought a +5 ring of slaying for 1364 gold pieces
 75096 | Elf:1    | Noticed Maud
 75106 | Elf:1    | Killed Maud
 75152 | Elf:1    | Reached skill level 1 in Spellcasting
 75181 | Elf:1    | Lost mutation: You expend magic power (3 MP) to slightly strengthen your wands. [potion of cure mutation]
 75181 | Elf:1    | Lost mutation: Armour fits poorly on your strangely shaped body. [potion of cure mutation]
 75181 | Elf:1    | Lost mutation: Your spells are a little harder to cast, but a little more powerful. [potion of cure mutation]
 75666 | Elf:1    | Reached skill level 2 in Spellcasting
 75814 | Elf:2    | Noticed Donald
 75818 | Elf:2    | Killed Donald
 75818 | Elf:2    | Received a gift from Trog
 75962 | Elf:2    | Found a huge runed gate.
 75962 | Elf:2    | Found a huge runed gate.
 75963 | Elf:2    | Found a huge runed gate.
 75963 | Elf:2    | Found a huge runed gate.
 75963 | Elf:2    | Found a huge runed gate.
 76177 | Elf:2    | Reached skill level 3 in Spellcasting
 76518 | Elf:2    | Reached skill level 4 in Spellcasting
 76733 | Elf:3    | Entered Level 3 of the Elven Halls
 76742 | Elf:3    | Noticed Norris
 76776 | Elf:3    | Killed Norris
 76778 | Elf:3    | Got a slimy buckler
 77020 | Elf:3    | Reached skill level 5 in Spellcasting
 77097 | Elf:3    | Reached skill level 6 in Spellcasting
 77143 | Elf:3    | Reached skill level 18 in Dodging
 77179 | Elf:3    | Noticed Crag7's ghost (mighty MiBe)
 77195 | Elf:3    | Killed Crag7's ghost
 77210 | Elf:3    | Got a steaming robe
 77226 | Elf:3    | Got a transparent amber ring
 77297 | Elf:3    | Reached skill level 7 in Spellcasting
 77325 | Elf:3    | Identified the ring of Cues {EV+4 Dex+2} (You found it on level 3 of the Elven Halls)
 77393 | Elf:3    | Got a pair of fine boots
 77433 | Elf:3    | Identified the +1 pair of boots of Light {Dex+4 Slay-5} (You found it on level 3 of the Elven Halls)
 78163 | Temple   | Entered the Ecumenical Temple
 78267 | Temple   | Fell from the grace of Trog
 78267 | Temple   | Became a worshipper of the Shining One
 79398 | Crypt:1  | Entered Level 1 of the Crypt
 79416 | Crypt:1  | Acquired the Shining One's first power
 79547 | Crypt:1  | Acquired the Shining One's second power
 79797 | Crypt:1  | Reached skill level 8 in Spellcasting
 80181 | Crypt:1  | Noticed Xtahua
 80189 | Crypt:1  | Killed Xtahua
 80191 | Crypt:1  | Acquired the Shining One's third power
 80541 | Crypt:2  | Acquired the Shining One's fourth power
 80549 | Crypt:2  | Reached skill level 9 in Spellcasting
 80908 | Crypt:2  | Reached skill level 10 in Spellcasting
 81560 | Temple   | Identified a +9 executioner's axe of holy wrath (a +9 antimagic executioner's axe blessed by the Shining One)
 82031 | Crypt:3  | Entered Level 3 of the Crypt
 82072 | Crypt:3  | Found a staircase to the Tomb.
 82250 | Crypt:3  | Reached skill level 19 in Dodging
 82390 | Crypt:3  | Noticed an ancient lich
 82398 | Crypt:3  | Reached skill level 11 in Spellcasting
 82716 | Crypt:3  | Got a smoking amber ring
 82736 | Crypt:3  | Killed an ancient lich
 82795 | Crypt:3  | Got a pitted leather armour
 82797 | Crypt:3  | Got a sparkling steel ring
 82809 | Crypt:3  | Got a twitching amber ring
 82813 | Crypt:3  | Identified the ring of Siuwk {rN+ SInv} (You took it off a skeletal warrior on level 3 of the Crypt)
 82815 | Crypt:3  | Identified the ring "Luesurer" {rPois rN+ Str+2 Int+4 Dex+4} (You found it on level 3 of the Crypt)
 82817 | Crypt:3  | Identified the ring "Qiweahig" {rElec rN+ Str-5 Slay+2 SInv} (You took it off a skeletal warrior on level 3 of the Crypt)
 83026 | Tomb:1   | Entered Level 1 of the Tomb of the Ancients
 83200 | Tomb:1   | Paralysed by a sphinx for 6 turns
 83279 | Tomb:1   | Noticed an ancient lich
 83287 | Tomb:1   | Killed an ancient lich
 83287 | Tomb:1   | Reached skill level 12 in Spellcasting
 83582 | Tomb:1   | Noticed Jory
 83595 | Tomb:1   | Killed Jory
 84017 | Vaults:1 | Learned a level 6 spell: Haste
 84024 | Vaults:1 | Learned a level 6 spell: Deflect Missiles
 84491 | Pan      | Entered Pandemonium
 84496 | Pan      | Reached skill level 1 in Charms
 84556 | Pan      | Noticed Frisac the pandemonium lord
 84561 | Pan      | Reached skill level 2 in Charms
 84566 | Pan      | Killed Frisac the pandemonium lord
 84614 | Pan      | Reached skill level 3 in Charms
 84704 | Pan      | Found an exit through the horrors of the Abyss.
 85284 | Pan      | Reached skill level 13 in Spellcasting
 85284 | Pan      | Reached skill level 4 in Charms
 85465 | Pan      | Reached skill level 20 in Dodging
 85943 | Pan      | Reached skill level 5 in Charms
 85958 | Pan      | Found an exit through the horrors of the Abyss.
 86828 | Pan      | Got a sparkling amber ring
 86902 | Pan      | Reached skill level 6 in Charms
 86907 | Pan      | Found an exit through the horrors of the Abyss.
 87467 | Pan      | Noticed Jojetot the pandemonium lord
 87473 | Pan      | Killed Jojetot the pandemonium lord
 87558 | Pan      | Reached skill level 7 in Charms
 87565 | Pan      | Reached skill level 14 in Spellcasting
 87655 | Pan      | Noticed Tajexuhu the pandemonium lord
 87672 | Pan      | Killed Tajexuhu the pandemonium lord
 87727 | Pan      | Found an exit through the horrors of the Abyss.
 88029 | Pan      | Was forgiven by Trog
 88621 | Pan      | Noticed Freliorch the pandemonium lord
 88627 | Pan      | Reached skill level 8 in Charms
 88640 | Pan      | Killed Freliorch the pandemonium lord
 88782 | Pan      | Reached skill level 9 in Charms
 88980 | Pan      | Found an exit through the horrors of the Abyss.
 89280 | Pan      | Reached skill level 15 in Spellcasting
 89473 | Pan      | Identified the ring "Vamp" {rPois rC++ Int+4} (You found it in Pandemonium)
 89488 | Pan      | Gained mutation: You possess an exceptional clarity of mind. [potion of beneficial mutation]
 89547 | Pan      | Found an exit through the horrors of the Abyss.
 89574 | Pan      | Reached skill level 10 in Charms
 89589 | Pan      | Reached skill level 21 in Dodging
 89643 | Pan      | Got an ancient leather armour
 90096 | Pan      | Found an exit through the horrors of the Abyss.
 90532 | Pan      | Noticed Jafeit the pandemonium lord
 90540 | Pan      | Killed Jafeit the pandemonium lord
 90718 | Pan      | Reached skill level 11 in Charms
 91100 | Pan      | Noticed Pnulusmu the pandemonium lord
 91105 | Pan      | Paralysed by Pnulusmu for 6 turns
 91113 | Pan      | Killed Pnulusmu the pandemonium lord
 91122 | Pan      | Reached skill level 16 in Spellcasting
 91284 | Pan      | Found an exit through the horrors of the Abyss.
 91776 | Pan      | Got a brightly glowing large shield
 91819 | Pan      | Found a white marble altar of Elyvilon.
 91848 | Pan      | Got a crystal battleaxe
 91850 | Pan      | Identified the +7 battleaxe "Hyrolu" {elec, -Tele rPois Str+4 Dex+7} (You found it in Pandemonium)
 92070 | Pan      | Noticed a pearl dragon
 92080 | Pan      | Killed a pearl dragon
 92080 | Pan      | Reached skill level 12 in Charms
 92489 | Pan      | Got a pitted buckler
 92550 | Pan      | Got a fine scale mail
 92791 | Pan      | HP: 49/199 [daeva/eudemon blade of holy wrath (2)]
 92792 | Pan      | HP: 24/199 [daeva/divine providence (10)]
 92797 | Pan      | HP: 7/199 [daeva/divine providence (11)]
 92797 | Pan      | Killed from afar by a daeva

Action                   |  1- 3 |  4- 6 |  7- 9 | 10-12 | 13-15 | 16-18 | 19-21 | 22-24 | 25-27 || total
-------------------------+-------+-------+-------+-------+-------+-------+-------+-------+-------++-------
Melee: Hand axe          |   113 |   131 |       |       |       |       |       |       |       ||   244
       War axe           |       |    56 |   250 |       |       |       |       |       |       ||   306
       Battleaxe         |       |       |   130 |   513 |  1497 |  1372 |  1840 |  1498 |  3209 || 10059
       Executioner's axe |       |       |       |       |       |       |       |       |  1736 ||  1736
Throw: Tomahawk          |     8 |    63 |    91 |    76 |    85 |       |       |       |       ||   323
       Javelin           |       |       |       |    68 |   101 |    43 |     2 |       |       ||   214
Invok: Berserk           |     3 |     3 |    14 |    20 |    13 |    16 |     4 |     2 |     2 ||    77
       Brothers in Arms  |       |       |       |     4 |     9 |     6 |     5 |     2 |     2 ||    28
       Trog's Hand       |       |       |       |       |     3 |     8 |    12 |     2 |     3 ||    28
 Abil: Fly               |       |       |       |       |     1 |       |       |       |       ||     1
Evoke: Wand              |       |       |       |       |     1 |     2 |       |       |    10 ||    13
  Use: Scroll            |     4 |     3 |    16 |    10 |    12 |     5 |    11 |     3 |    32 ||    96
       Potion            |       |       |     2 |     2 |     1 |     1 |     5 |       |    11 ||    22
 Stab: Distracted        |       |       |       |       |       |     2 |     1 |       |       ||     3
  Eat: Bread ration      |     1 |       |     1 |       |     1 |       |       |       |     4 ||     7
       Chunk             |       |    10 |     4 |    24 |    44 |    31 |    15 |    23 |    37 ||   188
       Fruit             |       |     1 |     2 |    11 |     5 |       |     2 |     6 |    25 ||    52
       Meat ration       |       |       |     4 |     2 |       |     3 |     4 |       |     2 ||    15
       Beef jerky        |       |       |     1 |       |     6 |     1 |       |       |    15 ||    23
       Pizza             |       |       |       |       |       |     4 |     1 |       |     6 ||    11
       Royal jelly       |       |       |       |       |       |       |       |       |     5 ||     5

Vault maps used:
D:1:      minmay_arrival_open_corners, serial_bayou_pond_d,
          grunt_decor_resistance
D:2:      cheibrodos_gnoll_hut
D:3:      first_bread
D:4:      okawaru_ov_weapons_minmay, temple_fountains,
          makhleb_blood_cavern_becter
D:5:      serial_park_square1
D:6:      minmay_misc_feat_room, grunt_ministairs_13, uniq_menkaure
D:7:      lemuel_zombie_altar_kikubaaqudgha, the_bakery
D:8:      minmay_overflow_temple_star_quad,
          nicolae_ossuary_entry_false_entrances
D:9:      grunt_temple_overflow_open, grunt_lair_entry_elf_guard_hut,
          enter_bailey_3
D:10:     lair_0_dummy, minmay_orc_entry_temple_small
D:11:     old_forge
D:12:     dragon1_lemuel, serial_bayou_lagoon_a
D:13:     david_vaults_5
D:14:     nicolae_gozag_seed_capital
D:15:     grunt_enter_depths_giant_problem, fedhas_altar_1, serial_shops, shop,
          uniq_azrael
Temple:   oiseaux_autumnal_temple_12
Lair:1:   basic_altar, columned_hall_lemuel, st_stairs_4, lemuel_fruit_tree
Lair:3:   lab_entry_generic, wad_woods_04
Lair:4:   guppyfry_snake_entry_garden, uniq_snorg
Lair:5:   nicolae_swamp_entry_splash_gauntlet, beast_lair_carwin_8
Lair:7:   bobbens_ice_dragon_lair
Lair:8:   hangedman_lair_tendril_chambers, wormcave, slime_altar_2
Swamp:1:  evilmike_swamp_ruin_house_4, uniq_asterion, uniq_sonja
Swamp:2:  hangedman_swamp_cone
Swamp:3:  evilmike_swamp_ruin_house_5
Swamp:4:  evilmike_swamp_ruin_house_6, swamp_pool1, uniq_roxanne, uniq_rupert
Swamp:5:  swamp_old_school, swamp_pool5, infiniplex_staircase_pool
Snake:1:  guppyfry_snake_island
Snake:2:  serial_shops, shop_statue, st_stairs_1, uniq_frances
Snake:3:  serial_bayou_shore_a, grunt_megastairs_2
Snake:4:  grunt_ministairs_13
Snake:5:  grunt_snake_rune_serpentine_throne
Orc:1:    serial_shops, shop
Orc:2:    serial_shops, shop, shop, shop, shop, shop, uniq_nergalle
Orc:3:    serial_shops, shop, basic_altar, nicolae_orc_pool_cavern, uniq_urug
Orc:4:    st_orc_rangers
Elf:1:    eino_elf_arrival_sip, serial_shops, nicolae_shop_waterfront,
          minmay_elf_necromancy, uniq_maud
Elf:2:    grunt_megastairs_1, uniq_donald
Elf:3:    minmay_elf_hall_dome, nicolae_twisting_strands, uniq_norris
Vaults:1: v_misc_16, nicolae_vaults_ring_of_whatevers, st_greater_box_4,
          vaults_room_mumra_shop_pool, nicolae_vaults_circle_grid_a,
          hangedman_vaults_unwind, hangedman_vaults_impose,
          nicolae_vaults_little_squares_1, basic_altar
Vaults:2: v_misc_4, vaults_room_grid, nicolae_vaults_puzzle_piece,
          vaults_room_corners, grunt_vaults_diagonal, v_misc_23,
          hangedman_vaults_trim, vaults_dpeg_hooks, ontoclasm_vaults_idyll,
          nicolae_vaults_little_squares_6, v_misc_22, ontoclasm_vaults_eye
Vaults:3: minmay_crypt_entry_necro_gods, v_misc_30, grunt_vaults_trifunnel,
          nicolae_vaults_diagonal_hallway_8, vaults_room_guarded_vault
Vaults:4: ontoclasm_vaults_echo, v_misc_16, v_alt_pattern_3, v_misc_11,
          hangedman_vaults_impose, nicolae_vaults_little_squares_4, v_misc_12,
          nicolae_vaults_little_squares_2, vaults_room_pools,
          nicolae_vaults_yaktaur_gun_rack, hangedman_vaults_pinch,
          vaults_room_grid, nicolae_vaults_shelves_hall, nicolae_vaults_theta,
          hangedman_vaults_hat, uniq_margery
Crypt:1:  grunt_ministairs_2, minmay_misc_feat_hallway, uniq_xtahua
Crypt:2:  crypt_curse_skull
Crypt:3:  david_glass_crypt, tomb_entry_forgotten_bobbens, st_stairs_3,
          basic_stair_grate_trap
Tomb:1:   uniq_jory
Depths:1: enter_ziggurat_a, serial_bayou_pond_e, hell_entry,
          serial_sigils_hangedman_scar, serial_bayou_crossing,
          serial_bayou_shore_b, grunt_megastairs_4, firewood_loft,
          uniq_enchantress, uniq_saint_roka
Depths:2: minmay_strange_plus, grunt_mini_vestibule, serial_shops, shop_statue,
          kennysheep_mini_moat, nicolae_shop_temple_entry_statues_fountains,
          nicolae_shop_trees, minmay_misc_feat_rugged, spider_trap,
          kennysheep_cross_bottleneck, guppyfry_shop_earth,
          infiniplex_staircase_star
Depths:3: kennysheep_scales, rand_demon_pan_entry_9, minmay_misc_feat_iff,
          pf_hell_entry_tar_spiral
Depths:4: lemuel_ice_spiral_1, infiniplex_staircase_pool_2, pan_entry,
          hellmouth_1, abyss_entry, uniq_mennas
Depths:5: grunt_zot_entry_tricorne, pf_dread_powers_of_hell,
          rand_demon_pan_entry_3, minmay_misc_feat_alley, basic_stair_grate_trap
Zot:1:    minmay_elemental_castle
Zot:2:    hangedman_orp_of_zott, bh_zot_levy_curve, bh_zot_lava_cross,
          st_stairs_4
Zot:3:    nicolae_zot_stationary_front, grunt_ministairs_2,
          st_single_dragon_hoard_2
Zot:4:    grunt_megastairs_3, basic_stair_grate_trap
Abyss:2:  evilmike_abyss_exit_glass
Abyss:3:  kb_abyss_rune_zappy
Pan:      grunt_pan_sceptre, pan_blood_fountain_small, pan_blood_fountain_2,
          nicolae_pan_sigil_obb, rand_demon_5, evilmike_mini_pan_T,
          grunt_pan_spiral, evilmike_mini_pan_thingy, evilmike_mini_pan_pillars,
          evilmike_mini_pan_possible_glass, grunt_pan_spiral,
          pan_captured_pigsty, evilmike_holy_pan

Table legend:
 A = Turns spent in this place as a percentage of turns spent in the entire game.
 B = Non-inter-level travel turns spent in this place as a percentage of non-inter-level travel turns spent in the entire game.
 C = Inter-level travel turns spent in this place as a percentage of turns spent in this place.
 D = Turns resting spent in this place as a percentage of non-inter-level travel turns spent in this place.
 E = Turns spent auto-exploring this place as a percentage of non-inter-level travel turns spent in this place.
 F = Non-inter-level travel turns spent in this place divided by the number of levels of this place that you've seen.
                   A       B       C       D       E      F
               +-------+-------+-------+-------+-------+----------------------
         Total | 100.0 | 100.0 |   0.7 |   0.4 |   4.0 | 1079.5
       Dungeon |  30.5 |  30.5 |   0.8 |   0.0 |   2.6 | 1734.3
        Temple |   0.1 |   0.1 |   5.6 |   0.0 |  13.2 |  68.0
          Lair |  21.9 |  21.8 |   1.1 |   0.0 |   2.2 | 2327.0
         Swamp |   3.4 |   3.4 |   0.6 |   1.6 |   5.8 | 586.0
     Snake Pit |   9.2 |   9.3 |   0.6 |   0.0 |   2.3 | 1578.4
    Slime Pits |   2.5 |   2.5 |   0.3 |   1.7 |   4.4 | 356.7
  Orcish Mines |   6.1 |   6.1 |   0.8 |   0.2 |   3.1 | 1306.0
   Elven Halls |   1.7 |   1.7 |   0.5 |   0.0 |  11.2 | 486.0
        Vaults |   5.5 |   5.5 |   0.3 |   0.2 |   8.9 | 944.8
         Crypt |   1.6 |   1.6 |   0.6 |   0.7 |   6.9 | 461.7
          Tomb |   0.4 |   0.4 |   0.3 |   3.7 |   1.6 | 380.0
        Depths |   3.6 |   3.6 |   1.0 |   0.5 |   9.1 | 612.8
           Zot |   3.7 |   3.7 |   0.5 |   0.6 |   6.8 | 632.6
         Abyss |   5.2 |   5.2 |   0.0 |   1.9 |   4.5 | 1106.2
   Pandemonium |   4.4 |   4.4 |   0.0 |   1.6 |   8.3 | 421.6
               +-------+-------+-------+-------+-------+----------------------

Table legend:
 A = Kills in this place as a percentage of kills in entire the game.
 B = Kills by you in this place as a percentage of kills by you in the entire game.
 C = Kills by friends in this place as a percentage of kills by friends in the entire game.
 D = Other kills in this place as a percentage of other kills in the entire game.
 E = Experience gained in this place as a percentage of experience gained in the entire game.
 F = Experience gained in this place divided by the number of levels of this place that you have seen.
                   A       B       C       D       E      F
               +-------+-------+-------+-------+-------+----------------------
         Total | 100.0 | 100.0 | 100.0 | 100.0 | 100.0 | 31623.7
       Dungeon |  11.5 |  11.6 |   9.7 |   0.0 |   2.1 | 3490.0
          Lair |   9.3 |   9.1 |  38.7 |   0.0 |   2.7 | 8282.1
         Swamp |   4.8 |   4.7 |  19.4 |   0.0 |   3.3 | 16666.2
     Snake Pit |   5.5 |   5.4 |   9.7 |   4.8 |   4.4 | 22125.4
    Slime Pits |   5.6 |   5.7 |   0.0 |   0.0 |   4.9 | 20340.3
  Orcish Mines |   6.2 |   6.3 |   0.0 |   0.0 |   0.7 | 4482.8
   Elven Halls |   3.5 |   3.5 |   0.0 |   9.5 |   4.0 | 33202.7
        Vaults |  11.0 |  10.8 |  16.1 |  38.1 |  14.5 | 72319.2
         Crypt |   3.9 |   4.0 |   0.0 |   0.0 |   5.5 | 45736.0
          Tomb |   0.7 |   0.6 |   0.0 |   4.8 |   1.9 | 46810.0
        Depths |   7.8 |   7.9 |   0.0 |   4.8 |   9.6 | 47823.0
           Zot |   6.3 |   6.2 |   3.2 |  23.8 |  19.6 | 98082.8
         Abyss |  12.8 |  12.9 |   3.2 |   9.5 |   9.7 | 60559.5
   Pandemonium |  11.0 |  11.1 |   0.0 |   4.8 |  17.2 | 47638.1
               +-------+-------+-------+-------+-------+----------------------
